 Dungeon Crawl Stone Soup version 0.8.0-a0-3959-g16c39ca character file.

8635760 MarvinPA the Axe Maniac (level 27, 296/296 HPs)
             Began as a Deep Dwarf Chaos Knight on Dec 19, 2010.
             Was the Champion of Makhleb.
             Escaped with the Orb
             ... and 18 runes (of 15 types) on Dec 23, 2010!
             The game lasted 17:45:33 (207800 turns).

MarvinPA the Axe Maniac (Deep Dwarf Chaos Knight) Turns: 207800, Time: 17:45:33

HP 296/296       AC 62     Str 27 Exp: 27/5334722 (19395)
MP  40/40        EV  7     Int 31      God: Makhleb [******]
Gold 5463        SH  0     Dex 15      Spells: 15 memorised,  9 levels left

Res.Fire  : + + .   See Invis. : .   b - staff of wizardry {!a}
Res.Cold  : + + .   Warding    : .   E - +14 crystal plate mail {rC+}
Life Prot.: + + .   Conserve   : .   (no shield)
Res.Acid. : . . .   Res.Corr.  : .   h - +3 hat of Pondering {ponderous, MR Int+5 M
Res.Poison: +       Clarity    : .   n - +3 cloak of the Fisher {Str+3 Int+5}
Res.Elec. : +       Spirit.Shd : .   J - +2 pair of dwarf gauntlets {Dex+3}
Sust.Abil.: + .     Stasis     : .   V - +2 pair of boots {run}
Res.Mut.  : +       Ctrl.Telep.: .   T - amulet of resist mutation
Res.Rott. : .       Levitation : .   q - ring "Trexipn" {rElec rPois rC+ rN+ Int+3 Saprovore : . . . Ctrl.Flight: . s - ring "Mughoci" {SustAb rF++}

@: non-regenerating, incredibly resistant to hostile enchantments, extremely
unstealthy
A: life protection 1, sense surroundings 3, slow healing 3
a: Device Recharging, Minor Destruction, Lesser Servant of Makhleb, Major
Destruction, Greater Servant of Makhleb, Renounce Religion


You escaped.
You worshipped Makhleb.
Makhleb was exalted by your worship.
You were not hungry.

You visited 19 branches of the dungeon, and saw 116 of its levels.
You visited Pandemonium 6 times, and saw 84 of its levels.
You visited the Abyss 8 times.
You visited 1 Labyrinth.
You visited 2 bazaars.
You visited 2 Ziggurats, and saw 50 of their levels.
You visited 5 portal chambers: ice cave, volcano, bailey, trove, wizlab.

You collected 26437 gold pieces.
You spent 6121 gold pieces at shops.
You donated 6453 gold pieces.
You used 8420 gold pieces for miscellaneous purposes.

Inventory:

Hand weapons
 a - the +4,+6 executioner's axe "Jogeinoo" {holy, rPois rC+ Int+2}
   (You found it in a treasure trove)

   It has been blessed by the Shining One to cause great damage to the undead
   and demons.
   It affects your intelligence (+2).
   It protects you from cold.
   It protects you from poison.
 d - the +7,+7 Sceptre of Asmodeus
   (You took it off Asmodeus on level 7 of Gehenna)
 r - the +4,+4 Staff of Dispater
   (You took it off Dispater on level 7 of the Iron City of Dis)
 Z - the +6,+6 Sword of Cerebov {flame,}
   (You took it off Cerebov in Pandemonium)

   It emits flame when wielded, causing extra injury to most foes and up to
   double damage against particularly susceptible opponents.
   Big, fiery blades are also staple armaments of hydra-hunters.
Missiles
 D - 80 +6 darts of dispersal (quivered)
Armour
 h - the +3 hat of Pondering (worn) {ponderous, MR Int+5 MP+10}
   (You took it off Gastronok on level 5 of the Lair of Beasts)

   It affects your intelligence (+5).
   It increases your resistance to enchantments.
   It affects your mana capacity (+10).
   The favorite hat of the slug wizard Gastronok, stained with reddish slime and
   enchanted to aid in his arcane pondering.
   It has been specially enchanted to protect against the effects of salt,
   though you probably don't care.
 n - the +3 cloak of the Fisher (worn) {Str+3 Int+5}
   (You found it on level 13 of a ziggurat)

   It affects your strength (+3).
   It affects your intelligence (+5).
 E - a +14 crystal plate mail of cold resistance (worn)
 J - a +2 pair of dwarven gauntlets of dexterity (worn)
 V - a +2 pair of boots of running (worn)
Magical devices
 f - a wand of healing (4)
 i - a wand of hasting (2)
 u - a wand of disintegration (5)
 w - a wand of digging (18)
 M - a wand of teleportation (1)
 P - a wand of teleportation (9)
 U - a wand of healing (5)
Comestibles
 c - 5 honeycombs
 j - 3 royal jellies
 m - 4 bread rations
Jewellery
 q - the ring "Trexipn" (right hand) {rElec rPois rC+ rN+ Int+3 Stlth++}
   (You found it on level 23 of a ziggurat)

   [ring of protection from cold]

   It affects your intelligence (+3).
   It insulates you from electricity.
   It protects you from poison.
   It protects you from negative energy.
   It makes you much more stealthy.
 s - the ring "Mughoci" (left hand) {SustAb rF++}
   (You found it on level 7 of a ziggurat)

   [ring of sustain abilities]

   It greatly protects you from fire.
 y - an uncursed amulet of clarity
 A - the ring of Anenieq {Dam+4 SInv}
   (You found it in Pandemonium)

   [ring of slaying]

   It affects your damage-dealing abilities (+4).
   It enhances your eyesight.
 Q - the ring "Dyakuxuy" {Wiz Dex+3}
   (You found it on level 7 of the Elven Halls)

   [ring of wizardry]

   It affects your dexterity (+3).
 T - an amulet of resist mutation (around neck)
Potions
 l - 5 potions of cure mutation {!q}
 p - 5 potions of healing
 H - 3 potions of restore abilities
Magical staves
 b - a staff of wizardry (weapon) {!a}
 e - a staff of energy {!a}
 v - a staff of channeling {!a}
Orbs of Power
 o - the Orb of Zot
Miscellaneous
 g - a bone rune of Zot
 k - an obsidian rune of Zot
 t - an iron rune of Zot
 C - an abyssal rune of Zot
 F - a barnacled rune of Zot
 G - a dark rune of Zot
 I - 4 demonic runes of Zot
 K - a fiery rune of Zot
 L - a glowing rune of Zot
 N - a golden rune of Zot
 O - an icy rune of Zot
 R - a magical rune of Zot
 S - a serpentine rune of Zot
 W - the horn of Geryon
 X - a silver rune of Zot
 Y - a slimy rune of Zot You had 19395 experience left.


   Skills:
 * Level 27 Fighting
 * Level 27 Axes
 * Level 27 Armour
 + Level 16 Traps & Doors
 + Level 22 Spellcasting
 + Level 19 Enchantments
 + Level 12 Summonings
 + Level 23 Translocations
 * Level 27 Air Magic
 - Level 4 Evocations


You had 9 spell levels left.
You knew the following spells:

 Your Spells              Type           Power        Success   Level  Hunger
a - Phase Shift           Tloc           #########.   Excellent   5    None
b - Blink                 Tloc           N/A          Perfect     2    None
d - Deflect Missiles      Air/Ench       #########.   Excellent   6    None
e - Apportation           Tloc           #########.   Perfect     1    None
f - Flight                Air/Ench       #########.   Perfect     4    None
h - Haste                 Ench           #########    Excellent   6    None
s - Swiftness             Air/Ench       #########.   Perfect     2    None
t - Control Teleport      Ench/Tloc      #########.   Excellent   4    None
w - Abjuration            Summ           ########..   Excellent   3    None
x - Banishment            Tloc           #########    Perfect     4    None
z - Airstrike             Air            #########.   Perfect     4    None
B - Controlled Blink      Tloc           N/A          Excellent   7    Strawberry
K - Berserker Rage        Ench           N/A          Perfect     3    None
R - Summon Butterflies    Summ           ########..   Excellent   1    None
V - Tornado Air           #########.     Very         Good        9    Honeycomb

Dungeon Overview and Level Annotations

Branches:
Dungeon (27/27)            Temple (1/1) D:7             Orc (4/4) D:7
    Elf (7/7) Orc:3          Lair (8/8) D:10         Shoals (5/5) Lair:4
  Slime (6/6) Lair:6        Snake (5/5) Lair:4         Hive (2/2) D:14
  Vault (8/8) D:19          Blade (1/1) Vault:6       Crypt (5/5) Vault:4
   Tomb (3/3) Crypt:2         Dis (7/7) Hell            Geh (7/7) Hell
    Coc (7/7) Hell            Tar (7/7) Hell            Zot (5/5) D:27

Altars:
Ashenzari
Cheibriados
Elyvilon
Fedhas
Kikubaaqudgha
Makhleb
Nemelex Xobeh
Okawaru
Sif Muna
The Shining One
Trog
Vehumet
Xom
Yredelemnul
Zin
Jiyva

Shops:
D:4: +/! D:8: * D:10: * D:11: ? D:17: + D:18: = Orc:3: [ Elf:1: %+? Elf:2: ( Elf:4: [ Vault:3: [ Vault:4: ( Vault:7: (

Portals:
Hell: D:20 D:21 D:22 D:23 D:24 D:25 D:26 D:27 Dis:1 Dis:2** Dis:3 Dis:4 Dis:5 Dis:6* Dis:7** Geh:1 Geh:2 Geh:3* Geh:4 Geh:5* Geh:6** Geh:7 Coc:1* Coc:2* Coc:3 Coc:4 Coc:5* Coc:6 Coc:7** Tar:1 Tar:2 Tar:3 Tar:4 Tar:5 Tar:6 Tar:7**
Abyss: D:25
Pan: D:22 D:24

Annotations
D:3 exclusion: foul pestilence cloud
D:15 exclusion: 36 flame clouds
D:18 exclusion: 16 foul pestilence clouds
D:20 exclusion: 41 flame clouds


Innate Abilities, Weirdness & Mutations

You are resistant to damage.
You can recharge devices by infusing magical energy.
You resist negative energy.
You passively map a large area around you.
You do not heal naturally.


Message History

You feel stupid.
The +4,+6 executioner's axe "Jogeinoo" {holy, rPois rC+ Int+2} stops glowing.
b - a staff of wizardry (weapon)
{!a} Put on which piece of jewellery? (? for menu, Esc to quit)
Okay, then.
Are you sure you want to leave the Dungeon?
You have escaped!

#.#########.##.##.#############
#..............................
###########.##.##.####.........
######## #.##.##.# #.........
.......# #.##.##.# #.........
.......# #.##.##.# #.........
.......# #.##.##.# #.........
.......# #.##.##.####.........
.......# #...q................
.......########.##.####.........
................................
.##############.##.#####.#######
.# #.##.# #.# .# #.##.# #.# .#
#.##.# #.# .# ########.##.# #.#
.#######.........#.# #.#


There were no monsters in sight!

Vanquished Creatures
  Monster Symbol All '>'
  A stair mimic (D:14)
1 creature vanquished. All ';' 5 sharks 7 lava fish 10 electric eels 8 big fish
30 creatures vanquished. All '(' 58 dancing weapons
58 creatures vanquished. All ')' 5 mimics
5 creatures vanquished. All '@' Margery (Vault:4) 3 Killer Klowns (Zot:5) A player illusion (D:24) Frederick (Crypt:1) Kirke (Snake:5) Frances (D:17) Donald (Elf:2) 22 vault guards (Vault:7) Harold (Elf:2) 32 hell knights 9 wizards Maurice (D:9) 12 necromancers Edmund (D:4)
87 creatures vanquished. All '*' 4 orbs of fire (Zot:5) 3 giant spores
7 creatures vanquished. All '\' A shop mimic (D:19) 7 portal mimics
8 creatures vanquished. All '&' Asmodeus (Geh:7) Cerebov (Pan) Ereshkigal (Tar:7) Dispater (Dis:7) Mnoleg (Pan) Lom Lobon (Pan) Geryon (D:21) 35 demon lords
42 creatures vanquished. All '%' 6 death cobs
6 creatures vanquished. All '1' 23 Fiends 32 Ice Fiends 18 Shadow Fiends 49 Executioners 53 Balrugs 21 Pit Fiends 40 Green Deaths 38 Blue Deaths 34 Cacodemons
308 creatures vanquished. All '2' 14 sun demons 27 soul eaters 36 ice devils 24 hellions 8 Lorocyprocas 58 reapers 7 beasts
174 creatures vanquished. All '3' 164 orange demons 35 tormentors 157 smoke demons 31 iron devils 2 chaos spawns 47 blue devils 29 shadow demons 135 ynoxinuls 179 neqoxecs
779 creatures vanquished. All '4' 159 hellwings 34 sixfirhies 22 hairy devils 48 red devils 21 rotting devils
284 creatures vanquished. All '5' Grinder (D:10) 109 imps 213 iron imps A quasit (D:23) 241 lemures 75 shadow imps 197 white imps 164 midges 474 ufetubi
1475 creatures vanquished. All '8' 3 electric golems 6 iron golems 6 ice statues 4 crystal golems A stone golem (Abyss) 2 toenail golems A wood golem (Abyss) 3 clay golems 2 silver statues
28 creatures vanquished. All '9' 18 metal gargoyles 3 molten gargoyles (Geh:7)
21 creatures vanquished. All 'a' A queen ant (Hive:1) 12 soldier ants 35 giant ants
48 creatures vanquished. All 'A' Mennas (Vault:8) 14 Daevas 14 Angels
29 creatures vanquished. All 'b' 89 giant bats A butterfly (Vault:7)
90 creatures vanquished. All 'B' 4 boring beetles 7 boulder beetles 4 giant beetles
15 creatures vanquished. All 'c' 85 yaktaur captains 15 centaur warriors 2 yaktaurs (shapeshifter) 90 yaktaurs 13 centaurs
205 creatures vanquished. All 'C' Antaeus (Coc:7) 8 titans 15 frost giants 84 stone giants 18 fire giants 2 ettins (shapeshifter) (Vault:8) 16 ettins Polyphemus (Shoals:5) 2 hill giants (shapeshifter) 15 hill giants 8 cyclopes A cyclops (shapeshifter) (Vault:8)
171 creatures vanquished. All 'd' 5 draconian monks 6 draconian knights 6 draconian scorchers 6 draconian zealots 9 draconian annihilators 10 draconian shifters 5 grey draconians 4 draconian callers A purple draconian (Zot:5) 4 yellow draconians A green draconian (Abyss) 5 white draconians 7 red draconians 7 pale draconians 7 black draconians 3 mottled draconians A draconian (shapeshifter) (D:17)
87 creatures vanquished. All 'D' the Serpent of Hell (Dis:7) 7 golden dragons A quicksilver dragon (Vault:8) A quicksilver dragon (shapeshifter) (D:22) 20 shadow dragons 16 storm dragons 2 iron dragons (Vault:8) 12 bone dragons 10 dragons A dragon (shapeshifter) (Vault:8) 14 ice dragons 5 hydras An ice dragon (shapeshifter) (Vault:8) 2 swamp dragons 7 wyverns A steam dragon (shapeshifter) (Vault:8) A mottled dragon (D:12)
102 creatures vanquished. All 'e' 25 deep elf blademasters 36 deep elf annihilators 6 deep elf death magi 35 deep elf sorcerers 23 deep elf master archers 39 deep elf demonologists 2 deep elf high priests (Vault:8) 68 deep elf knights 2 elves (shapeshifter) 43 deep elf conjurers 29 deep elf summoners 64 deep elf fighters 29 deep elf priests 57 deep elf magi Duvessa (D:5) 67 deep elf soldiers
526 creatures vanquished. All 'E' 4 fire elementals 7 water elementals 2 air elementals (Abyss) An earth elemental (Abyss)
14 creatures vanquished. All 'f' 3 wandering mushrooms (Zot:1) 13 ballistomycetes 3 fungi 31 toadstools
50 creatures vanquished. All 'F' 8 spiny frogs 13 blink frogs 14 giant toads 8 giant frogs
43 creatures vanquished. All 'g' Grum (D:9) Crazy Yiuf (D:3) 17 gnolls 28 hobgoblins 33 goblins
80 creatures vanquished. All 'G' 4 great orbs of eyes A great orb of eyes (shapeshifter) (Vault:8) 15 giant orange brains 2 giant orange brains (shapeshifter) 8 shining eyes 9 eyes of devastation 3 eyes of devastation (shapeshifter) 30 golden eyes 18 eyes of draining 16 giant eyeballs
106 creatures vanquished. All 'h' 21 hell hogs 4 hogs (Snake:5) 4 war dogs 48 hell hounds 2 wolves A warg (shapeshifter) (Port) 16 wargs 11 hounds A hound (shapeshifter) (D:23) 19 jackals
127 creatures vanquished. All 'H' 3 sphinxes A minotaur (shapeshifter) (Vault:4) A minotaur (Lab) 2 griffons A harpy (shapeshifter) (Vault:7) 16 harpies 17 hippogriffs 25 manticores
66 creatures vanquished. All 'i' 2 spriggans (shapeshifter)
2 creatures vanquished. All 'I' 4 sky beasts 18 ice beasts
22 creatures vanquished. All 'j' An elephant slug (Lair:4) An agate snail (shapeshifter) (Vault:8) A giant slug (shapeshifter) (Port) 9 giant slugs 3 agate snails
15 creatures vanquished. All 'J' the royal jelly (Slime:6) 33 acid blobs An azure jelly (shapeshifter) (Vault:8) 25 azure jellies Dissolution (Slime:6) 22 death oozes 49 giant amoebae A giant amoeba (shapeshifter) (Vault:8) 73 slime creatures 44 brown oozes 13 jellyfish A jelly (shapeshifter) (Vault:8) 5 pulsating lumps 67 jellies 24 oozes
360 creatures vanquished. All 'k' A queen bee (shapeshifter) (D:13) 3 queen bees A giant firefly (shapeshifter) (D:26) 12 bumblebees 127 killer bees A killer bee (shapeshifter) (Port) 57 killer bee larvae
202 creatures vanquished. All 'K' A kobold demonologist (Vault:1) 10 big kobolds 62 kobolds
73 creatures vanquished. All 'l' 3 death drakes A death drake (shapeshifter) (Port) 2 komodo dragons (shapeshifter) (Port) 15 komodo dragons 3 fire drakes 2 swamp drakes 6 gila monsters 4 iguanas 8 giant geckos A giant newt (shapeshifter) (Vault:8) 12 giant newts
57 creatures vanquished. All 'L' 30 ancient liches Boris (D:24) 16 liches
47 creatures vanquished. All 'm' Ilsuiw (Shoals:5) 12 sirens 8 merfolk javelineers 5 merfolk aquamancers 15 merfolk impalers 18 mermaids 97 merfolk 2 merfolk (shapeshifter)
158 creatures vanquished. All 'M' 25 greater mummies 35 mummy priests 125 guardian mummies Menkaure (D:4) 74 mummies
260 creatures vanquished. All 'n' 7 ghouls 37 necrophages
44 creatures vanquished. All 'N' 7 greater nagas 19 naga warriors 26 naga magi 87 nagas
139 creatures vanquished. All 'o' Saint Roka (D:24) 10 orc warlords Nergalle (D:15) 4 orc high priests (Port) 33 orc knights 12 orc sorcerers Urug (Port) 64 orc warriors Blork the orc (D:9) 25 orc priests 25 orc wizards 277 orcs
454 creatures vanquished. All 'O' 9 ogre magi 24 two-headed ogres 44 ogres
77 creatures vanquished. All 'p' 40 flayed ghosts 5 silent spectres 12 hungry ghosts 13 phantoms 67 shadows
137 creatures vanquished. All 'P' 6 oklob plants (Port) 11 plants
17 creatures vanquished. All 'q' 4 deep dwarves unborn (Port) 6 deep dwarf death knights 9 deep dwarf berserkers 17 deep dwarf necromancers 12 deep dwarf artificers 4 deep dwarf scions (Port) 26 deep dwarves
78 creatures vanquished. All 'r' 19 orange rats 71 green rats 65 grey rats 12 quokkas 58 rats
225 creatures vanquished. All 'R' Mara (D:24) Azrael (Snake:2) 6 rakshasas 10 efreeti 13 illusory rakshasas
31 creatures vanquished. All 's' 2 emperor scorpions (Port) 19 trapdoor spiders 16 wolf spiders A wolf spider (shapeshifter) (Port) 20 redbacks 17 demonic crawlers A jumping spider (Port) 28 tarantellas (Port) 21 scorpions A giant centipede (shapeshifter) (D:22) 6 giant centipedes 24 giant mites A giant cockroach (shapeshifter) (D:25) 33 giant cockroaches
190 creatures vanquished. All 'S' 2 anacondas (shapeshifter) 7 anacondas 27 sea snakes A sea snake (shapeshifter) (Port) 6 guardian serpents A guardian serpent (shapeshifter) (Vault:8) 27 black mambas 8 vipers 42 water moccasins 7 lava snakes 49 snakes 3 small snakes A small snake (shapeshifter) (D:22)
181 creatures vanquished. All 't' An alligator snapping turtle (Shoals:5) 38 snapping turtles 5 crocodiles
44 creatures vanquished. All 'T' Snorg (Shoals:4) 55 deep trolls 14 iron trolls 9 rock trolls A troll (shapeshifter) (D:20) 17 trolls
97 creatures vanquished. All 'u' 16 very ugly things 95 ugly things
111 creatures vanquished. All 'U' 5 polar bears (Lair:8) A polar bear (shapeshifter) (Vault:8) 7 grizzly bears 12 bears 3 black bears
28 creatures vanquished. All 'v' 31 insubstantial wisps
31 creatures vanquished. All 'V' 2 vampire knights (Port) 2 vampire magi 28 vampires
32 creatures vanquished. All 'w' 6 spiny worms 3 rock worms 7 lava worms 7 brain worms 5 worms 22 tentacles
50 creatures vanquished. All 'W' 3 eidolons 8 shadow wraiths 31 phantasmal warriors 64 wraiths 53 freezing wraiths 3 spectral orcs (D:15)
162 creatures vanquished. All 'x' An unseen horror (D:18) 125 small abominations
126 creatures vanquished. All 'X' 25 Orb Guardians (Zot:5) 4 krakens 24 tentacled monstrosities 122 large large abominations
175 creatures vanquished. All 'y' 34 ghost moths A moth of wrath (shapeshifter) (Vault:8) 39 red wasps 28 moths of wrath 13 giant blowflies 8 yellow wasps 4 giant mosquitos (Port)
127 creatures vanquished. All 'Y' 2 hellephants 9 death yaks 25 elephants 46 yaks 6 sheep (Lair:7)
88 creatures vanquished. All 'z' A curse toe (Zot:1) 6 curse skulls 4 draconian zombies 212 skeletal warriors 2 yellow draconian zombies (Abyss) 5 grey draconian zombies 7 white draconian zombies 7 black draconian zombies 4 pale draconian zombies 4 purple draconian zombies 5 red draconian zombies 2 mottled draconian zombies 9 sea snake zombies 4 green draconian zombies 3 purple draconian skeletons (Abyss) 4 yellow draconian skeletons 15 flaming corpses 4 black draconian skeletons 5 white draconian skeletons 5 sea snake skeletons 5 red draconian skeletons 8 siren zombies 6 grey draconian skeletons 5 mottled draconian skeletons 6 pale draconian skeletons 5 green draconian skeletons (Port) 7 siren skeletons 7 red wasp zombies A black mamba zombie (Geh:7) A spriggan zombie (Coc:1) 3 mottled draconian simulacra A grey draconian simulacrum (Port) 3 sea snake simulacra (Port) 2 giant firefly zombies A black mamba skeleton (Crypt:2) 65 elf zombies 2 red draconian simulacra (Abyss) A pale draconian simulacrum (Port) 4 human zombies 2 siren simulacra (Port) 2 yellow draconian simulacra (Port) 2 baby alligator skeletons (Crypt:1) 3 redback zombies A red wasp simulacrum (D:18) 4 merfolk zombies A viper zombie (Crypt:4) 2 draconian skeletons A blink frog skeleton (D:14) 3 blink frog zombies 4 merfolk skeletons 5 giant blowfly zombies 2 viper skeletons A jumping spider zombie (Crypt:4) 3 bumblebee zombies 2 giant goldfish zombies (Coc:7) 2 queen bee zombies 2 giant blowfly simulacra (D:18) A yellow wasp zombie (Dis:4) 2 war dog zombies A tarantella zombie (Crypt:4) 2 soldier ant zombies A black bear zombie (Coc:4) A water moccasin zombie (Crypt:4) A human skeleton (Crypt:3) A felid zombie (Dis:7) 26 deep dwarf zombies A felid skeleton (Crypt:4) A gnome zombie (Crypt:3) 97 wights A gila monster zombie (D:23) A big kobold zombie (Crypt:4) A brain worm zombie (Abyss) A dwarf zombie (Crypt:3) 2 gnome skeletons 2 big kobold skeletons A dwarf skeleton (Crypt:1) A gila monster skeleton (D:10) A hound zombie (Geh:2) A kenku skeleton (Geh:5) A demigod skeleton (Crypt:2) 2 hound skeletons An orange rat zombie (Coc:6) 3 giant ant zombies An orange rat skeleton (Geh:7) A giant beetle zombie (D:22) 92 flying skulls An iguana zombie (D:8) 3 giant centipede zombies 2 sheep skeletons 3 halfling skeletons 2 iguana skeletons A snake skeleton (Crypt:3) A green rat zombie (Crypt:2) A giant bat skeleton (Crypt:3) 4 giant bat zombies A giant mite zombie (Crypt:1) A gnoll skeleton (Vault:4) 2 gnoll zombies 3 green rat skeletons A giant newt skeleton (Crypt:3) A goblin zombie (Port) 2 grey rat skeletons A hobgoblin zombie (Dis:2) 2 jackal skeletons 2 killer bee larva zombies A kobold skeleton (D:6) A kobold zombie (D:23) 2 orc skeletons 27 orc zombies 2 rat skeletons A rat zombie (Crypt:4) A small snake zombie (Crypt:2)
800 creatures vanquished. All 'Z' A quicksilver dragon zombie (Tomb:2) 5 quicksilver dragon skeletons A titan zombie (Geh:6) A titan skeleton (Abyss) An anaconda zombie (Abyss) 2 shadow dragon zombies 2 sphinx zombies 2 anaconda skeletons 2 iron dragon zombies A golden dragon skeleton (Port) A frost giant zombie (Abyss) 4 shadow dragon skeletons 13 stone giant zombies 2 fire giant zombies (Port) 3 sphinx skeletons 4 fire giant skeletons 3 stone giant skeletons 4 frost giant skeletons 3 alligator snapping turtle zombies 4 storm dragon zombies 3 dire elephant skeletons 2 death yak zombies (Port) 2 elephant slug zombies 2 storm dragon skeletons 3 iron troll zombies 2 death yak skeletons 3 hydra zombies (Port) A minotaur zombie (Port) 2 death drake zombies An iron troll skeleton (Port) A harpy skeleton (D:19) A hydra skeleton (Crypt:3) A golden dragon simulacrum (Abyss) 5 minotaur skeletons A death drake skeleton (Port) 13 ice dragon zombies 2 ettin zombies (Port) 2 wolf spider zombies 2 dragon zombies (Port) An alligator zombie (Abyss) A griffon zombie (Abyss) 6 dragon skeletons 3 hill giant zombies A spiny worm zombie (Port) A stone giant simulacrum (Vault:1) 5 ettin skeletons An alligator skeleton (Crypt:3) 2 griffon skeletons 6 ice dragon skeletons An emperor scorpion zombie (Pan) 3 queen ant zombies 2 hill giant skeletons 2 giant toad skeletons A hydra simulacrum (Port) 4 ogre zombies 2 agate snail zombies 4 rock troll zombies 2 deep troll zombies 4 deep troll skeletons 4 rock troll skeletons A spiny frog skeleton (Crypt:1) 2 ettin simulacra 3 elephant zombies 3 snapping turtle skeletons 3 swamp dragon skeletons 2 elephant skeletons 8 yaktaur zombies A lindwurm skeleton (Crypt:1) 2 komodo dragon skeletons 2 giant slug zombies 3 cyclops zombies A manticore zombie (Port) 3 cyclops skeletons 3 manticore skeletons 3 grizzly bear zombies (Crypt:3) 2 yak zombies A shark zombie (Coc:5) A bear zombie (Coc:2) A yak skeleton (D:17) A hippogriff skeleton (Crypt:4) 3 boulder beetle zombies (Port) 2 giant frog zombies 2 two-headed ogre zombies (D:22) A two-headed ogre skeleton (Tomb:2) A warg zombie (D:20) A warg skeleton (Crypt:5) An ogre skeleton (Tomb:3) A giant frog simulacrum (Tomb:1) 2 mottled dragon skeletons 2 naga zombies A naga skeleton (Snake:1) 2 steam dragon skeletons
229 creatures vanquished.
9941 creatures vanquished. Monster Nature Uniques Antaeus (Coc:7) Asmodeus (Geh:7) Cerebov (Pan) the royal jelly (Slime:6) Ereshkigal (Tar:7) Dispater (Dis:7) Mnoleg (Pan) Lom Lobon (Pan) the Serpent of Hell (Dis:7) Saint Roka (D:24) Boris (D:24) Mara (D:24) Margery (Vault:4) Mennas (Vault:8) Geryon (D:21) Frederick (Crypt:1) Kirke (Snake:5) Frances (D:17) Ilsuiw (Shoals:5) Donald (Elf:2) Azrael (Snake:2) Dissolution (Slime:6) Snorg (Shoals:4) Harold (Elf:2) Polyphemus (Shoals:5) Nergalle (D:15) Urug (Port) Maurice (D:9) Grinder (D:10) Edmund (D:4) Grum (D:9) Menkaure (D:4) Duvessa (D:5) Blork the orc (D:9) Crazy Yiuf (D:3)
35 creatures vanquished. Natural Monsters 3 Killer Klowns (Zot:5) A player illusion (D:24) 7 golden dragons 8 titans 33 acid blobs A quicksilver dragon (Vault:8) A quicksilver dragon (shapeshifter) (D:22) 25 deep elf blademasters 25 Orb Guardians (Zot:5) 4 krakens 20 shadow dragons 3 sphinxes 16 storm dragons 5 draconian monks 2 iron dragons (Vault:8) 10 orc warlords 15 frost giants 6 draconian knights 6 draconian scorchers An azure jelly (shapeshifter) (Vault:8) 6 draconian zealots 25 azure jellies 84 stone giants 9 draconian annihilators 18 fire giants 10 draconian shifters 5 grey draconians 36 deep elf annihilators 4 draconian callers 7 greater nagas 6 deep elf death magi A purple draconian (Zot:5) 4 yellow draconians A green draconian (Abyss) 5 white draconians 7 red draconians 35 deep elf sorcerers 7 pale draconians 7 black draconians 23 deep elf master archers 3 mottled draconians 2 ettins (shapeshifter) (Vault:8) 22 vault guards (Vault:7) 85 yaktaur captains 10 dragons A great orb of eyes (shapeshifter) (Vault:8) 4 great orbs of eyes A minotaur (shapeshifter) (Vault:4) 16 ettins A minotaur (Lab) A dragon (shapeshifter) (Vault:8) 12 sirens 14 ice dragons 9 ogre magi 5 hydras 8 merfolk javelineers 2 anacondas (shapeshifter) 5 merfolk aquamancers An ice dragon (shapeshifter) (Vault:8) An alligator snapping turtle (Shoals:5) 7 anacondas 39 deep elf demonologists 2 deep elf high priests (Vault:8) 15 merfolk impalers 55 deep trolls 9 death yaks 4 orc high priests (Port) 34 ghost moths 16 very ugly things 2 griffons 6 deep dwarf death knights 2 emperor scorpions (Port) 15 centaur warriors 68 deep elf knights 14 iron trolls 32 hell knights 3 death drakes 15 giant orange brains 27 sea snakes 33 orc knights An unseen horror (D:18) 2 hill giants (shapeshifter) A sea snake (shapeshifter) (Port) 19 naga warriors 9 wizards A death drake (shapeshifter) (Port) 2 giant orange brains (shapeshifter) 2 swamp dragons 49 giant amoebae 15 hill giants A harpy (shapeshifter) (Vault:7) 16 harpies 12 orc sorcerers A giant amoeba (shapeshifter) (Vault:8) 6 spiny worms 8 cyclopes 9 deep dwarf berserkers 8 shining eyes A moth of wrath (shapeshifter) (Vault:8) A guardian serpent (shapeshifter) (Vault:8) 6 guardian serpents 19 trapdoor spiders A cyclops (shapeshifter) (Vault:8) 12 necromancers 2 elves (shapeshifter) 39 red wasps 27 black mambas An elephant slug (Lair:4) 9 eyes of devastation 3 eyes of devastation (shapeshifter) A wolf spider (shapeshifter) (Port) 16 wolf spiders 25 elephants A queen ant (Hive:1) 28 moths of wrath 8 spiny frogs 73 slime creatures A draconian (shapeshifter) (D:17) 2 yaktaurs (shapeshifter) 9 rock trolls 90 yaktaurs 26 naga magi 95 ugly things 18 mermaids A queen bee (shapeshifter) (D:13) 13 blink frogs 5 polar bears (Lair:8) A polar bear (shapeshifter) (Vault:8) 38 snapping turtles A troll (shapeshifter) (D:20) 20 redbacks 3 queen bees 15 komodo dragons 2 komodo dragons (shapeshifter) (Port) 24 two-headed ogres 17 trolls 2 spriggans (shapeshifter) 17 deep dwarf necromancers 12 deep dwarf artificers 44 brown oozes 12 soldier ants 4 deep dwarf scions (Port) 7 grizzly bears A giant firefly (shapeshifter) (D:26) 14 giant toads 8 vipers 12 bears 97 merfolk 43 deep elf conjurers 30 golden eyes 29 deep elf summoners 13 giant blowflies 2 merfolk (shapeshifter) 46 yaks 12 bumblebees 5 sharks 3 fire drakes 7 wyverns 64 deep elf fighters 4 hogs (Snake:5) 4 war dogs A steam dragon (shapeshifter) (Vault:8) 17 hippogriffs 3 rock worms 25 manticores An agate snail (shapeshifter) (Vault:8) A mottled dragon (D:12) 26 deep dwarves A kobold demonologist (Vault:1) 29 deep elf priests A jumping spider (Port) 2 swamp drakes 64 orc warriors 3 black bears 44 ogres 4 sky beasts 8 yellow wasps 4 boring beetles 18 ice beasts 10 big kobolds 57 deep elf magi 6 gila monsters 13 centaurs 5 crocodiles 2 wolves 7 lava worms 87 nagas A warg (shapeshifter) (Port) 7 brain worms 28 tarantellas (Port) A giant slug (shapeshifter) (Port) 16 wargs 9 giant slugs 42 water moccasins 3 agate snails 8 giant frogs 18 eyes of draining 127 killer bees 13 jellyfish 7 boulder beetles A killer bee (shapeshifter) (Port) 7 lava fish A jelly (shapeshifter) (Vault:8) 5 pulsating lumps 10 electric eels 7 lava snakes 4 giant beetles 11 hounds 4 iguanas 25 orc priests A hound (shapeshifter) (D:23) 25 orc wizards 67 deep elf soldiers 8 big fish 19 orange rats 35 giant ants 21 scorpions 6 sheep (Lair:7) 67 jellies 49 snakes 17 gnolls A giant centipede (shapeshifter) (D:22) 6 giant centipedes 71 green rats 4 giant mosquitos (Port) 24 giant mites 5 worms 65 grey rats 16 giant eyeballs 8 giant geckos 24 oozes 89 giant bats A giant cockroach (shapeshifter) (D:25) 28 hobgoblins 19 jackals 277 orcs 12 quokkas 3 small snakes A small snake (shapeshifter) (D:22) 33 giant cockroaches 12 giant newts A giant newt (shapeshifter) (Vault:8) 33 goblins 57 killer bee larvae 62 kobolds 58 rats A butterfly (Vault:7) 22 tentacles
4443 creatures vanquished. Non-Living Monsters 4 orbs of fire (Zot:5) 3 electric golems 58 dancing weapons 6 iron golems 6 ice statues 4 crystal golems 5 mimics A shop mimic (D:19) A stair mimic (D:14) A stone golem (Abyss) 7 portal mimics 4 fire elementals 2 toenail golems A wood golem (Abyss) 18 metal gargoyles 3 clay golems 7 water elementals 2 air elementals (Abyss) 3 molten gargoyles (Geh:7) 31 insubstantial wisps An earth elemental (Abyss) 2 silver statues
170 creatures vanquished. Undead Monsters 30 ancient liches A curse toe (Zot:1) 25 greater mummies 6 curse skulls 16 liches 12 bone dragons A quicksilver dragon zombie (Tomb:2) 5 quicksilver dragon skeletons A titan zombie (Geh:6) 35 mummy priests 4 deep dwarves unborn (Port) A titan skeleton (Abyss) 3 eidolons 2 vampire knights (Port) 6 death cobs 22 death oozes An anaconda zombie (Abyss) 2 shadow dragon zombies 2 sphinx zombies 2 anaconda skeletons 2 iron dragon zombies A golden dragon skeleton (Port) 4 draconian zombies A frost giant zombie (Abyss) 4 shadow dragon skeletons 13 stone giant zombies 2 fire giant zombies (Port) 3 sphinx skeletons 4 fire giant skeletons 212 skeletal warriors 3 stone giant skeletons 4 frost giant skeletons 3 alligator snapping turtle zombies 4 storm dragon zombies 3 dire elephant skeletons 2 yellow draconian zombies (Abyss) 5 grey draconian zombies 7 white draconian zombies 8 shadow wraiths 7 black draconian zombies 2 death yak zombies (Port) 2 elephant slug zombies 4 pale draconian zombies 4 purple draconian zombies 5 red draconian zombies 2 storm dragon skeletons 2 mottled draconian zombies 9 sea snake zombies 4 green draconian zombies 3 iron troll zombies 2 death yak skeletons 3 purple draconian skeletons (Abyss) 40 flayed ghosts 4 yellow draconian skeletons 15 flaming corpses 4 black draconian skeletons 5 white draconian skeletons 5 sea snake skeletons 5 red draconian skeletons 8 siren zombies 6 grey draconian skeletons 3 hydra zombies (Port) A minotaur zombie (Port) 5 mottled draconian skeletons 6 pale draconian skeletons 5 green draconian skeletons (Port) 2 death drake zombies 2 vampire magi An iron troll skeleton (Port) A harpy skeleton (D:19) A hydra skeleton (Crypt:3) A golden dragon simulacrum (Abyss) 31 phantasmal warriors 5 minotaur skeletons A death drake skeleton (Port) 13 ice dragon zombies 7 siren skeletons 7 red wasp zombies 2 ettin zombies (Port) 2 wolf spider zombies 2 dragon zombies (Port) An alligator zombie (Abyss) A griffon zombie (Abyss) A black mamba zombie (Geh:7) 6 dragon skeletons 3 hill giant zombies A spiny worm zombie (Port) A stone giant simulacrum (Vault:1) 5 ettin skeletons An alligator skeleton (Crypt:3) 2 griffon skeletons 6 ice dragon skeletons A spriggan zombie (Coc:1) An emperor scorpion zombie (Pan) 3 mottled draconian simulacra 3 queen ant zombies 125 guardian mummies A grey draconian simulacrum (Port) 3 sea snake simulacra (Port) 2 giant firefly zombies A black mamba skeleton (Crypt:2) 65 elf zombies 2 hill giant skeletons 2 giant toad skeletons 2 red draconian simulacra (Abyss) A pale draconian simulacrum (Port) 4 human zombies A hydra simulacrum (Port) 2 siren simulacra (Port) 2 yellow draconian simulacra (Port) 5 silent spectres 4 ogre zombies 2 agate snail zombies 4 rock troll zombies 2 deep troll zombies 4 deep troll skeletons 4 rock troll skeletons 2 baby alligator skeletons (Crypt:1) A spiny frog skeleton (Crypt:1) 3 redback zombies 2 ettin simulacra A red wasp simulacrum (D:18) 4 merfolk zombies 28 vampires 3 elephant zombies A viper zombie (Crypt:4) 64 wraiths 3 snapping turtle skeletons 2 draconian skeletons A blink frog skeleton (D:14) 3 blink frog zombies 4 merfolk skeletons 3 swamp dragon skeletons 2 elephant skeletons 8 yaktaur zombies 5 giant blowfly zombies 12 hungry ghosts A lindwurm skeleton (Crypt:1) 2 viper skeletons 7 ghouls 2 komodo dragon skeletons A jumping spider zombie (Crypt:4) 2 giant slug zombies 3 cyclops zombies A manticore zombie (Port) 37 necrophages 53 freezing wraiths 3 bumblebee zombies 2 giant goldfish zombies (Coc:7) 3 cyclops skeletons 3 manticore skeletons 3 grizzly bear zombies (Crypt:3) 13 phantoms 2 yak zombies 2 queen bee zombies A shark zombie (Coc:5) A bear zombie (Coc:2) 2 giant blowfly simulacra (D:18) A yak skeleton (D:17) A hippogriff skeleton (Crypt:4) A yellow wasp zombie (Dis:4) 2 war dog zombies A tarantella zombie (Crypt:4) 3 boulder beetle zombies (Port) 2 soldier ant zombies A black bear zombie (Coc:4) A water moccasin zombie (Crypt:4) 2 giant frog zombies 2 two-headed ogre zombies (D:22) A two-headed ogre skeleton (Tomb:2) A warg zombie (D:20) A warg skeleton (Crypt:5) A human skeleton (Crypt:3) A felid zombie (Dis:7) 26 deep dwarf zombies A felid skeleton (Crypt:4) A gnome zombie (Crypt:3) 97 wights A gila monster zombie (D:23) A big kobold zombie (Crypt:4) A brain worm zombie (Abyss) A dwarf zombie (Crypt:3) 2 gnome skeletons An ogre skeleton (Tomb:3) 2 big kobold skeletons A dwarf skeleton (Crypt:1) A giant frog simulacrum (Tomb:1) 2 mottled dragon skeletons A gila monster skeleton (D:10) A hound zombie (Geh:2) A kenku skeleton (Geh:5) 67 shadows A demigod skeleton (Crypt:2) 2 naga zombies 2 hound skeletons A naga skeleton (Snake:1) An orange rat zombie (Coc:6) 3 giant ant zombies An orange rat skeleton (Geh:7) 2 steam dragon skeletons A giant beetle zombie (D:22) 92 flying skulls 74 mummies An iguana zombie (D:8) 3 giant centipede zombies 2 sheep skeletons 3 halfling skeletons 2 iguana skeletons A snake skeleton (Crypt:3) A green rat zombie (Crypt:2) A giant bat skeleton (Crypt:3) 4 giant bat zombies A giant mite zombie (Crypt:1) A gnoll skeleton (Vault:4) 2 gnoll zombies 3 green rat skeletons A giant newt skeleton (Crypt:3) A goblin zombie (Port) 2 grey rat skeletons A hobgoblin zombie (Dis:2) 2 jackal skeletons 2 killer bee larva zombies A kobold skeleton (D:6) A kobold zombie (D:23) 2 orc skeletons 27 orc zombies 2 rat skeletons A rat zombie (Crypt:4) A small snake zombie (Crypt:2) 3 spectral orcs (D:15)
1753 creatures vanquished. Demonic Monsters 35 demon lords 2 hellephants 23 Fiends 32 Ice Fiends 18 Shadow Fiends 24 tentacled monstrosities 49 Executioners 53 Balrugs 21 Pit Fiends 40 Green Deaths 38 Blue Deaths 34 Cacodemons 6 rakshasas 21 hell hogs 14 sun demons 27 soul eaters 36 ice devils 24 hellions 8 Lorocyprocas 122 large large abominations 164 orange demons 58 reapers 35 tormentors 159 hellwings 157 smoke demons 7 beasts 31 iron devils 10 efreeti 34 sixfirhies 17 demonic crawlers 2 chaos spawns 47 blue devils 29 shadow demons 135 ynoxinuls 22 hairy devils 179 neqoxecs 48 hell hounds 48 red devils 21 rotting devils 125 small abominations 109 imps 213 iron imps A quasit (D:23) 241 lemures 75 shadow imps 197 white imps 164 midges 474 ufetubi 13 illusory rakshasas
3442 creatures vanquished. Plants 6 oklob plants (Port) 3 wandering mushrooms (Zot:1) 3 giant spores 13 ballistomycetes 3 fungi 11 plants 31 toadstools
70 creatures vanquished.
9941 creatures vanquished. Ascending Order Antaeus (Coc:7) the royal jelly (Slime:6) Cerebov (Pan) Asmodeus (Geh:7) Ereshkigal (Tar:7) Dispater (Dis:7) Mnoleg (Pan) Lom Lobon (Pan) the Serpent of Hell (Dis:7) Saint Roka (D:24) Boris (D:24) A curse toe (Zot:1) Mara (D:24) Margery (Vault:4) Mennas (Vault:8) Geryon (D:21) A player illusion (D:24) Frederick (Crypt:1) A quicksilver dragon (Vault:8) A quicksilver dragon (shapeshifter) (D:22) Kirke (Snake:5) Frances (D:17) Ilsuiw (Shoals:5) Donald (Elf:2) A quicksilver dragon zombie (Tomb:2) An azure jelly (shapeshifter) (Vault:8) A purple draconian (Zot:5) A green draconian (Abyss) A titan zombie (Geh:6) Azrael (Snake:2) Dissolution (Slime:6) Snorg (Shoals:4) A titan skeleton (Abyss) A great orb of eyes (shapeshifter) (Vault:8) A minotaur (shapeshifter) (Vault:4) A minotaur (Lab) A dragon (shapeshifter) (Vault:8) Harold (Elf:2) An anaconda zombie (Abyss) Polyphemus (Shoals:5) An ice dragon (shapeshifter) (Vault:8) An alligator snapping turtle (Shoals:5) A golden dragon skeleton (Port) A frost giant zombie (Abyss) Nergalle (D:15) An unseen horror (D:18) A sea snake (shapeshifter) (Port) A death drake (shapeshifter) (Port) A harpy (shapeshifter) (Vault:7) A minotaur zombie (Port) A giant amoeba (shapeshifter) (Vault:8) Urug (Port) An iron troll skeleton (Port) A harpy skeleton (D:19) A hydra skeleton (Crypt:3) A golden dragon simulacrum (Abyss) A moth of wrath (shapeshifter) (Vault:8) A guardian serpent (shapeshifter) (Vault:8) A death drake skeleton (Port) Maurice (D:9) A cyclops (shapeshifter) (Vault:8) An alligator zombie (Abyss) A shop mimic (D:19) A stair mimic (D:14) A stone golem (Abyss) An elephant slug (Lair:4) A griffon zombie (Abyss) A wolf spider (shapeshifter) (Port) A black mamba zombie (Geh:7) A queen ant (Hive:1) A spiny worm zombie (Port) A stone giant simulacrum (Vault:1) An alligator skeleton (Crypt:3) A spriggan zombie (Coc:1) An emperor scorpion zombie (Pan) A draconian (shapeshifter) (D:17) A grey draconian simulacrum (Port) A black mamba skeleton (Crypt:2) A pale draconian simulacrum (Port) A hydra simulacrum (Port) A queen bee (shapeshifter) (D:13) A polar bear (shapeshifter) (Vault:8) A troll (shapeshifter) (D:20) Grinder (D:10) A spiny frog skeleton (Crypt:1) A giant firefly (shapeshifter) (D:26) A red wasp simulacrum (D:18) A viper zombie (Crypt:4) Edmund (D:4) A blink frog skeleton (D:14) A wood golem (Abyss) Grum (D:9) A lindwurm skeleton (Crypt:1) A steam dragon (shapeshifter) (Vault:8) A jumping spider zombie (Crypt:4) An agate snail (shapeshifter) (Vault:8) A manticore zombie (Port) A mottled dragon (D:12) A kobold demonologist (Vault:1) A jumping spider (Port) Menkaure (D:4) A shark zombie (Coc:5) A bear zombie (Coc:2) A yak skeleton (D:17) A hippogriff skeleton (Crypt:4) A yellow wasp zombie (Dis:4) Duvessa (D:5) A warg (shapeshifter) (Port) A giant slug (shapeshifter) (Port) An earth elemental (Abyss) A tarantella zombie (Crypt:4) A black bear zombie (Coc:4) A water moccasin zombie (Crypt:4) Blork the orc (D:9) A two-headed ogre skeleton (Tomb:2) A warg zombie (D:20) A warg skeleton (Crypt:5) A human skeleton (Crypt:3) A killer bee (shapeshifter) (Port) A felid zombie (Dis:7) A gnome zombie (Crypt:3) A felid skeleton (Crypt:4) A jelly (shapeshifter) (Vault:8) A gila monster zombie (D:23) A dwarf zombie (Crypt:3) A big kobold zombie (Crypt:4) A brain worm zombie (Abyss) An ogre skeleton (Tomb:3) A dwarf skeleton (Crypt:1) A giant frog simulacrum (Tomb:1) A hound zombie (Geh:2) A gila monster skeleton (D:10) A kenku skeleton (Geh:5) A demigod skeleton (Crypt:2) Crazy Yiuf (D:3) A quasit (D:23) A hound (shapeshifter) (D:23) A naga skeleton (Snake:1) An orange rat zombie (Coc:6) An orange rat skeleton (Geh:7) A giant beetle zombie (D:22) An iguana zombie (D:8) A giant centipede (shapeshifter) (D:22) A snake skeleton (Crypt:3) A green rat zombie (Crypt:2) A giant bat skeleton (Crypt:3) A giant mite zombie (Crypt:1) A gnoll skeleton (Vault:4) A small snake (shapeshifter) (D:22) A giant cockroach (shapeshifter) (D:25) A hobgoblin zombie (Dis:2) A giant newt (shapeshifter) (Vault:8) A kobold skeleton (D:6) A giant newt skeleton (Crypt:3) A rat zombie (Crypt:4) A goblin zombie (Port) A kobold zombie (D:23) A small snake zombie (Crypt:2) A butterfly (Vault:7) 2 hellephants 2 iron dragons (Vault:8) 2 ettins (shapeshifter) (Vault:8) 2 vampire knights (Port) 2 anacondas (shapeshifter) 2 shadow dragon zombies 2 sphinx zombies 2 anaconda skeletons 2 iron dragon zombies 2 deep elf high priests (Vault:8) 2 fire giant zombies (Port) 2 griffons 2 emperor scorpions (Port) 2 yellow draconian zombies (Abyss) 2 hill giants (shapeshifter) 2 death yak zombies (Port) 2 elephant slug zombies 2 storm dragon skeletons 2 mottled draconian zombies 2 giant orange brains (shapeshifter) 2 swamp dragons 2 death yak skeletons 2 death drake zombies 2 vampire magi 2 elves (shapeshifter) 2 wolf spider zombies 2 ettin zombies (Port) 2 dragon zombies (Port) 2 griffon skeletons 2 yaktaurs (shapeshifter) 2 giant firefly zombies 2 hill giant skeletons 2 giant toad skeletons 2 red draconian simulacra (Abyss) 2 siren simulacra (Port) 2 yellow draconian simulacra (Port) 2 agate snail zombies 2 komodo dragons (shapeshifter) (Port) 2 spriggans (shapeshifter) 2 deep troll zombies 2 baby alligator skeletons (Crypt:1) 2 ettin simulacra 2 chaos spawns 2 toenail golems 2 draconian skeletons 2 merfolk (shapeshifter) 2 elephant skeletons 2 viper skeletons 2 air elementals (Abyss) 2 komodo dragon skeletons 2 giant slug zombies 2 swamp drakes 2 giant goldfish zombies (Coc:7) 2 yak zombies 2 queen bee zombies 2 giant blowfly simulacra (D:18) 2 wolves 2 war dog zombies 2 soldier ant zombies 2 silver statues 2 giant frog zombies 2 two-headed ogre zombies (D:22) 2 gnome skeletons 2 big kobold skeletons 2 mottled dragon skeletons 2 naga zombies 2 hound skeletons 2 steam dragon skeletons 2 sheep skeletons 2 iguana skeletons 2 gnoll zombies 2 killer bee larva zombies 2 orc skeletons 2 jackal skeletons 2 rat skeletons 2 grey rat skeletons 3 Killer Klowns (Zot:5) 3 electric golems 3 sphinxes 3 mottled draconians 3 eidolons 3 sphinx skeletons 3 stone giant skeletons 3 alligator snapping turtle zombies 3 death drakes 3 dire elephant skeletons 3 iron troll zombies 3 purple draconian skeletons (Abyss) 3 hydra zombies (Port) 3 eyes of devastation (shapeshifter) 3 hill giant zombies 3 mottled draconian simulacra 3 queen ant zombies 3 sea snake simulacra (Port) 3 wandering mushrooms (Zot:1) 3 queen bees 3 redback zombies 3 elephant zombies 3 snapping turtle skeletons 3 blink frog zombies 3 swamp dragon skeletons 3 fire drakes 3 clay golems 3 rock worms 3 molten gargoyles (Geh:7) 3 cyclops zombies 3 bumblebee zombies 3 cyclops skeletons 3 manticore skeletons 3 black bears 3 grizzly bear zombies (Crypt:3) 3 boulder beetle zombies (Port) 3 agate snails 3 giant ant zombies 3 giant centipede zombies 3 halfling skeletons 3 green rat skeletons 3 small snakes 3 giant spores 3 spectral orcs (D:15) 3 fungi 4 orbs of fire (Zot:5) 4 krakens 4 draconian callers 4 yellow draconians 4 deep dwarves unborn (Port) 4 great orbs of eyes 4 draconian zombies 4 shadow dragon skeletons 4 orc high priests (Port) 4 fire giant skeletons 4 frost giant skeletons 4 storm dragon zombies 4 pale draconian zombies 4 purple draconian zombies 4 green draconian zombies 4 yellow draconian skeletons 4 black draconian skeletons 4 crystal golems 4 human zombies 4 ogre zombies 4 rock troll zombies 4 deep troll skeletons 4 rock troll skeletons 4 deep dwarf scions (Port) 4 merfolk zombies 4 fire elementals 4 merfolk skeletons 4 hogs (Snake:5) 4 war dogs 4 sky beasts 4 boring beetles 4 giant beetles 4 iguanas 4 giant mosquitos (Port) 4 giant bat zombies 5 draconian monks 5 quicksilver dragon skeletons 5 grey draconians 5 white draconians 5 hydras 5 merfolk aquamancers 5 grey draconian zombies 5 red draconian zombies 5 white draconian skeletons 5 sea snake skeletons 5 red draconian skeletons 5 mottled draconian skeletons 5 green draconian skeletons (Port) 5 minotaur skeletons 5 mimics 5 ettin skeletons 5 polar bears (Lair:8) 5 silent spectres 5 sharks 5 giant blowfly zombies 5 crocodiles 5 pulsating lumps 5 worms 6 curse skulls 6 draconian knights 6 draconian scorchers 6 draconian zealots 6 deep elf death magi 6 death cobs 6 rakshasas 6 deep dwarf death knights 6 iron golems 6 ice statues 6 grey draconian skeletons 6 pale draconian skeletons 6 oklob plants (Port) 6 spiny worms 6 guardian serpents 6 dragon skeletons 6 ice dragon skeletons 6 gila monsters 6 sheep (Lair:7) 6 giant centipedes 7 golden dragons 7 greater nagas 7 red draconians 7 pale draconians 7 black draconians 7 anacondas 7 white draconian zombies 7 black draconian zombies 7 siren skeletons 7 red wasp zombies 7 portal mimics 7 beasts 7 grizzly bears 7 wyverns 7 water elementals 7 ghouls 7 lava worms 7 brain worms 7 boulder beetles 7 lava fish 7 lava snakes 8 titans 8 merfolk javelineers 8 shadow wraiths 8 siren zombies 8 cyclopes 8 shining eyes 8 Lorocyprocas 8 spiny frogs 8 vipers 8 yaktaur zombies 8 yellow wasps 8 giant frogs 8 big fish 8 giant geckos 9 draconian annihilators 9 ogre magi 9 death yaks 9 wizards 9 sea snake zombies 9 deep dwarf berserkers 9 eyes of devastation 9 rock trolls 9 giant slugs 10 orc warlords 10 draconian shifters 10 dragons 10 efreeti 10 big kobolds 10 electric eels 11 hounds 11 plants 12 bone dragons 12 sirens 12 orc sorcerers 12 necromancers 12 deep dwarf artificers 12 soldier ants 12 bears 12 bumblebees 12 hungry ghosts 12 quokkas 12 giant newts 13 stone giant zombies 13 ice dragon zombies 13 blink frogs 13 giant blowflies 13 phantoms 13 centaurs 13 jellyfish 13 illusory rakshasas 13 ballistomycetes 14 Daevas 14 Angels 14 ice dragons 14 sun demons 14 iron trolls 14 giant toads 15 frost giants 15 merfolk impalers 15 centaur warriors 15 giant orange brains 15 flaming corpses 15 hill giants 15 komodo dragons 16 liches 16 storm dragons 16 ettins 16 very ugly things 16 harpies 16 wolf spiders 16 wargs 16 giant eyeballs 17 trolls 17 deep dwarf necromancers 17 demonic crawlers 17 hippogriffs 17 gnolls 18 Shadow Fiends 18 fire giants 18 mermaids 18 metal gargoyles 18 ice beasts 18 eyes of draining 19 naga warriors 19 trapdoor spiders 19 orange rats 19 jackals 20 shadow dragons 20 redbacks 21 Pit Fiends 21 hell hogs 21 rotting devils 21 scorpions 22 vault guards (Vault:7) 22 death oozes 22 hairy devils 22 tentacles 23 Fiends 23 deep elf master archers 24 tentacled monstrosities 24 hellions 24 two-headed ogres 24 giant mites 24 oozes 25 greater mummies 25 deep elf blademasters 25 Orb Guardians (Zot:5) 25 azure jellies 25 elephants 25 manticores 25 orc priests 25 orc wizards 26 naga magi 26 deep dwarves 26 deep dwarf zombies 27 soul eaters 27 sea snakes 27 black mambas 27 orc zombies 28 moths of wrath 28 vampires 28 tarantellas (Port) 28 hobgoblins 29 deep elf summoners 29 shadow demons 29 deep elf priests 30 ancient liches 30 golden eyes 31 phantasmal warriors 31 iron devils 31 insubstantial wisps 31 toadstools 32 Ice Fiends 32 hell knights 33 acid blobs 33 orc knights 33 giant cockroaches 33 goblins 34 Cacodemons 34 ghost moths 34 sixfirhies 35 demon lords 35 deep elf sorcerers 35 mummy priests 35 tormentors 35 giant ants 36 deep elf annihilators 36 ice devils 37 necrophages 38 Blue Deaths 38 snapping turtles 39 deep elf demonologists 39 red wasps 40 Green Deaths 40 flayed ghosts 42 water moccasins 43 deep elf conjurers 44 brown oozes 44 ogres 46 yaks 47 blue devils 48 hell hounds 48 red devils 49 Executioners 49 giant amoebae 49 snakes 53 Balrugs 53 freezing wraiths 55 deep trolls 57 deep elf magi 57 killer bee larvae 58 dancing weapons 58 reapers 58 rats 62 kobolds 64 wraiths 64 deep elf fighters 64 orc warriors 65 elf zombies 65 grey rats 67 shadows 67 deep elf soldiers 67 jellies 68 deep elf knights 71 green rats 73 slime creatures 74 mummies 75 shadow imps 84 stone giants 85 yaktaur captains 87 nagas 89 giant bats 90 yaktaurs 92 flying skulls 95 ugly things 97 merfolk 97 wights 109 imps 122 large large abominations 125 guardian mummies 125 small abominations 127 killer bees 135 ynoxinuls 157 smoke demons 159 hellwings 164 orange demons 164 midges 179 neqoxecs 197 white imps 212 skeletal warriors 213 iron imps 241 lemures 277 orcs 474 ufetubi
9941 creatures vanquished. The 3-digit Club 109 imps 122 large large abominations 125 guardian mummies 125 small abominations 127 killer bees 135 ynoxinuls 157 smoke demons 159 hellwings 164 orange demons 164 midges 179 neqoxecs 197 white imps 212 skeletal warriors 213 iron imps 241 lemures 277 orcs 474 ufetubi
3180 creatures vanquished. ----------------------------------------

Vanquished Creatures (collateral kills)
  Monster Symbol All ';'
  A giant goldfish (D:22)
  A big fish (Snake:3)
2 creatures vanquished. All '@' Rupert (D:19) Louise (D:16) Maud (Lair:4) Erica (Lair:4) 2 hell knights 2 wizards (Pan) A necromancer (Vault:4) Eustachio (D:9)
10 creatures vanquished. All '*' A ball lightning (Pan)
1 creature vanquished. All '&' Gloorx Vloq (Pan)
1 creature vanquished. All '1' 2 Executioners A Green Death (Pan) 2 Cacodemons (Pan)
5 creatures vanquished. All '2' 8 soul eaters 6 ice devils A beast (Tomb:3) 7 reapers
22 creatures vanquished. All '3' 5 orange demons A tormentor (Orc:3) 2 smoke demons 8 blue devils (Port) 4 ynoxinuls 3 neqoxecs
23 creatures vanquished. All '4' 4 hellwings A rotting devil (Port)
5 creatures vanquished. All '5' A quasit (D:20) 13 imps 2 iron imps 6 midges 6 lemures 3 shadow imps 5 white imps 24 ufetubi
60 creatures vanquished. All 'a' A giant ant (D:22)
1 creature vanquished. All 'b' 8 giant bats
8 creatures vanquished. All 'B' 2 boulder beetles
2 creatures vanquished. All 'c' 6 yaktaur captains 4 centaur warriors 6 yaktaurs 6 centaurs
22 creatures vanquished. All 'C' A titan (D:22) A frost giant (D:22) A fire giant (Vault:6) 8 stone giants An ettin (D:25) 2 hill giants A cyclops (D:20)
15 creatures vanquished. All 'd' A draconian knight (Zot:3) 3 draconian scorchers (Port) 2 draconian callers A grey draconian (Zot:3) A mottled draconian (Zot:3) A black draconian (Zot:3) A white draconian (Zot:3) A draconian (Lair:1)
11 creatures vanquished. All 'D' Xtahua (Vault:3) A shadow dragon (Vault:8) 2 ice dragons
4 creatures vanquished. All 'e' 2 deep elf sorcerers (Elf:7) A deep elf master archer (Elf:7) 2 deep elf knights An elf (shapeshifter) (Vault:8) 2 deep elf conjurers A deep elf summoner (Port) 4 deep elf fighters 2 deep elf magi Dowan (D:5) A deep elf soldier (Vault:2)
17 creatures vanquished. All 'E' A fire elemental (Snake:2)
1 creature vanquished. All 'f' 2 fungi
2 creatures vanquished. All 'F' 2 spiny frogs 2 giant toads A blink frog (Lair:5)
5 creatures vanquished. All 'g' 2 goblins 3 hobgoblins
5 creatures vanquished. All 'G' A great orb of eyes (Slime:6) 2 shining eyes (Slime:6) 3 golden eyes (Slime:1) A giant eyeball (Slime:1)
7 creatures vanquished. All 'h' 7 war dogs (Lair:5) A hell hound (D:20) A warg (Vault:4) 2 wolves (Lair:6) A hound (Lair:4) 2 jackals (Lair:4)
14 creatures vanquished. All 'H' 2 sphinxes (Tomb:1) A griffon (D:20) A harpy (Vault:3) A hippogriff (D:9)
5 creatures vanquished. All 'i' A spriggan druid (D:14)
1 creature vanquished. All 'j' Gastronok (Lair:5) A giant slug (Vault:2)
2 creatures vanquished. All 'J' 5 acid blobs 4 azure jellies A death ooze (Slime:6) A giant amoeba (Slime:6) 10 slime creatures 4 brown oozes (Slime:1)
25 creatures vanquished. All 'k' A killer bee (D:10)
1 creature vanquished. All 'K' Sonja (D:10) 2 big kobolds (D:10) 7 kobolds
10 creatures vanquished. All 'l' 3 death drakes 2 komodo dragons 2 fire drakes A swamp drake (Port) 3 iguanas A giant gecko (Lair:5)
12 creatures vanquished. All 'L' A lich (Vault:5)
1 creature vanquished. All 'M' Khufu (Tomb:2) 23 greater mummies 21 mummy priests 92 guardian mummies 62 mummies
199 creatures vanquished. All 'n' 4 ghouls 4 necrophages
8 creatures vanquished. All 'N' A naga warrior (Snake:4) 3 nagas (Snake:4)
4 creatures vanquished. All 'o' 2 orc warlords 6 orc knights 2 orc sorcerers 12 orc warriors 2 orc priests 4 orc wizards 48 orcs
76 creatures vanquished. All 'O' An ogre mage (Vault:5) 3 two-headed ogres (Vault:5) 7 ogres
11 creatures vanquished. All 'p' 4 flayed ghosts 5 hungry ghosts 8 shadows
17 creatures vanquished. All 'P' 5 oklob plants 5 plants
10 creatures vanquished. All 'q' Wiglaf (D:20) A deep dwarf death knight (Port) 3 deep dwarf artificers (Port) 2 deep dwarf necromancers (Port) A deep dwarf (Port)
8 creatures vanquished. All 'r' An orange rat (Vault:2) 14 green rats 6 grey rats A quokka (Lair:5) 4 rats (Vault:2)
26 creatures vanquished. All 'R' 4 illusory rakshasas (D:16)
4 creatures vanquished. All 's' An emperor scorpion (shapeshifter) (Vault:6)
1 creature vanquished. All 'S' Aizul (Snake:4) 2 anacondas A black mamba (shapeshifter) (D:20) A black mamba (Snake:3) 3 water moccasins A lava snake (D:20) A snake (Snake:4)
10 creatures vanquished. All 'T' A deep troll (D:22) An iron troll (Vault:5) 2 rock trolls 3 trolls
7 creatures vanquished. All 'u' 2 very ugly things (Vault:4) 30 ugly things
32 creatures vanquished. All 'U' 2 polar bears A grizzly bear (D:14)
3 creatures vanquished. All 'V' A vampire (Tomb:1)
1 creature vanquished. All 'w' 3 spiny worms
3 creatures vanquished. All 'W' 6 shadow wraiths 3 phantasmal warriors 3 wraiths 2 freezing wraiths
14 creatures vanquished. All 'X' A tentacled monstrosity (Vault:8) 4 large large abominations (Pan)
5 creatures vanquished. All 'y' A giant blowfly (D:18)
1 creature vanquished. All 'Y' 8 elephants 5 yaks 2 sheep (D:20)
15 creatures vanquished. All 'z' A pale draconian zombie (Port) A purple draconian skeleton (Port) A flaming corpse (Tomb:3) A black draconian skeleton (Port) A mottled draconian skeleton (Port) A grey draconian simulacrum (Port) A mermaid skeleton (Tomb:3) A dwarf zombie (Tomb:1) A demigod skeleton (Tomb:3) A giant ant zombie (D:10) 10 flying skulls 2 giant bat zombies (Tomb:1) A giant mite zombie (Tomb:2) A quokka skeleton (Tomb:3)
24 creatures vanquished. All 'Z' A frost giant skeleton (Vault:4) A sphinx skeleton (Tomb:3) An elephant slug zombie (Port) 2 yaktaur zombies (Vault:6) A deep troll skeleton (Vault:4) A giant toad simulacrum (Tomb:3) A snapping turtle skeleton (Tomb:3) A lindwurm zombie (Port) A bear zombie (Tomb:1) A yak simulacrum (Tomb:3)
11 creatures vanquished.
790 creatures vanquished. Monster Nature Uniques Gloorx Vloq (Pan) Khufu (Tomb:2) Xtahua (Vault:3) Rupert (D:19) Aizul (Snake:4) Wiglaf (D:20) Louise (D:16) Gastronok (Lair:5) Maud (Lair:4) Erica (Lair:4) Sonja (D:10) Eustachio (D:9) Dowan (D:5)
13 creatures vanquished. Natural Monsters 5 acid blobs A shadow dragon (Vault:8) 2 sphinxes (Tomb:1) A titan (D:22) A frost giant (D:22) A draconian knight (Zot:3) 2 orc warlords 3 draconian scorchers (Port) A fire giant (Vault:6) 4 azure jellies 8 stone giants 2 draconian callers A grey draconian (Zot:3) A mottled draconian (Zot:3) 2 deep elf sorcerers (Elf:7) A black draconian (Zot:3) A white draconian (Zot:3) An ettin (D:25) A deep elf master archer (Elf:7) 6 yaktaur captains A draconian (Lair:1) An ogre mage (Vault:5) A great orb of eyes (Slime:6) 2 anacondas 2 ice dragons A spriggan druid (D:14) 4 centaur warriors A deep troll (D:22) An emperor scorpion (shapeshifter) (Vault:6) 2 very ugly things (Vault:4) 2 hell knights A deep dwarf death knight (Port) 3 death drakes An iron troll (Vault:5) 2 deep elf knights A griffon (D:20) 2 wizards (Pan) A naga warrior (Snake:4) 2 hill giants 6 orc knights 2 orc sorcerers A necromancer (Vault:4) A harpy (Vault:3) A giant amoeba (Slime:6) 3 spiny worms A cyclops (D:20) A black mamba (shapeshifter) (D:20) 2 shining eyes (Slime:6) A black mamba (Snake:3) 8 elephants 6 yaktaurs 10 slime creatures 2 rock trolls 2 spiny frogs An elf (shapeshifter) (Vault:8) 30 ugly things 3 deep dwarf artificers (Port) 2 deep dwarf necromancers (Port) 2 komodo dragons 3 two-headed ogres (Vault:5) 2 polar bears 3 trolls 2 giant toads A grizzly bear (D:14) 4 brown oozes (Slime:1) A blink frog (Lair:5) 5 yaks 2 deep elf conjurers A deep elf summoner (Port) 3 golden eyes (Slime:1) 2 fire drakes 4 deep elf fighters A hippogriff (D:9) 7 war dogs (Lair:5) A giant blowfly (D:18) 7 ogres 12 orc warriors A giant goldfish (D:22) A deep dwarf (Port) A swamp drake (Port) 3 nagas (Snake:4) 6 centaurs 2 deep elf magi A warg (Vault:4) 2 wolves (Lair:6) 2 big kobolds (D:10) 3 water moccasins A giant slug (Vault:2) 2 boulder beetles A killer bee (D:10) A lava snake (D:20) 2 orc priests A big fish (Snake:3) 3 iguanas A hound (Lair:4) A deep elf soldier (Vault:2) 4 orc wizards A giant ant (D:22) 2 sheep (D:20) An orange rat (Vault:2) 14 green rats A snake (Snake:4) A giant eyeball (Slime:1) A giant gecko (Lair:5) 2 goblins 6 grey rats 3 hobgoblins 2 jackals (Lair:4) 48 orcs 8 giant bats 7 kobolds A quokka (Lair:5) 4 rats (Vault:2)
363 creatures vanquished. Non-Living Monsters A ball lightning (Pan) A fire elemental (Snake:2)
2 creatures vanquished. Undead Monsters 23 greater mummies A lich (Vault:5) 21 mummy priests A death ooze (Slime:6) A frost giant skeleton (Vault:4) A sphinx skeleton (Tomb:3) An elephant slug zombie (Port) A pale draconian zombie (Port) 6 shadow wraiths 2 yaktaur zombies (Vault:6) 4 flayed ghosts A purple draconian skeleton (Port) A flaming corpse (Tomb:3) A black draconian skeleton (Port) A mottled draconian skeleton (Port) 3 phantasmal warriors A grey draconian simulacrum (Port) 92 guardian mummies A deep troll skeleton (Vault:4) A giant toad simulacrum (Tomb:3) A snapping turtle skeleton (Tomb:3) A vampire (Tomb:1) A lindwurm zombie (Port) 3 wraiths 5 hungry ghosts 4 ghouls A mermaid skeleton (Tomb:3) 2 freezing wraiths 4 necrophages A bear zombie (Tomb:1) A yak simulacrum (Tomb:3) A dwarf zombie (Tomb:1) 8 shadows A demigod skeleton (Tomb:3) A giant ant zombie (D:10) 62 mummies 10 flying skulls 2 giant bat zombies (Tomb:1) A giant mite zombie (Tomb:2) A quokka skeleton (Tomb:3)
275 creatures vanquished. Demonic Monsters 2 Executioners A tentacled monstrosity (Vault:8) A Green Death (Pan) 2 Cacodemons (Pan) 8 soul eaters 6 ice devils 4 large large abominations (Pan) A beast (Tomb:3) 5 orange demons A tormentor (Orc:3) 7 reapers 4 hellwings 2 smoke demons 8 blue devils (Port) 4 ynoxinuls 3 neqoxecs A hell hound (D:20) A rotting devil (Port) A quasit (D:20) 13 imps 2 iron imps 6 midges 6 lemures 3 shadow imps 5 white imps 24 ufetubi 4 illusory rakshasas (D:16)
125 creatures vanquished. Plants 5 oklob plants 2 fungi 5 plants
12 creatures vanquished.
790 creatures vanquished. Ascending Order Gloorx Vloq (Pan) Khufu (Tomb:2) Xtahua (Vault:3) A lich (Vault:5) A shadow dragon (Vault:8) A titan (D:22) Rupert (D:19) Aizul (Snake:4) A frost giant (D:22) A draconian knight (Zot:3) Wiglaf (D:20) Louise (D:16) A fire giant (Vault:6) Gastronok (Lair:5) A tentacled monstrosity (Vault:8) Maud (Lair:4) A grey draconian (Zot:3) A Green Death (Pan) A mottled draconian (Zot:3) A black draconian (Zot:3) A white draconian (Zot:3) An ettin (D:25) A deep elf master archer (Elf:7) A draconian (Lair:1) A death ooze (Slime:6) An ogre mage (Vault:5) A great orb of eyes (Slime:6) Erica (Lair:4) A spriggan druid (D:14) A ball lightning (Pan) A deep troll (D:22) A frost giant skeleton (Vault:4) An emperor scorpion (shapeshifter) (Vault:6) A sphinx skeleton (Tomb:3) A deep dwarf death knight (Port) An iron troll (Vault:5) A griffon (D:20) An elephant slug zombie (Port) A pale draconian zombie (Port) A naga warrior (Snake:4) A purple draconian skeleton (Port) A flaming corpse (Tomb:3) A black draconian skeleton (Port) A mottled draconian skeleton (Port) A necromancer (Vault:4) A harpy (Vault:3) A giant amoeba (Slime:6) A cyclops (D:20) A black mamba (shapeshifter) (D:20) A beast (Tomb:3) A black mamba (Snake:3) A tormentor (Orc:3) A grey draconian simulacrum (Port) An elf (shapeshifter) (Vault:8) Sonja (D:10) A deep troll skeleton (Vault:4) A grizzly bear (D:14) A giant toad simulacrum (Tomb:3) A blink frog (Lair:5) A snapping turtle skeleton (Tomb:3) A vampire (Tomb:1) A lindwurm zombie (Port) A fire elemental (Snake:2) A deep elf summoner (Port) Eustachio (D:9) A hippogriff (D:9) A giant blowfly (D:18) A mermaid skeleton (Tomb:3) A hell hound (D:20) A giant goldfish (D:22) A deep dwarf (Port) A bear zombie (Tomb:1) A swamp drake (Port) A warg (Vault:4) A rotting devil (Port) A giant slug (Vault:2) A yak simulacrum (Tomb:3) A killer bee (D:10) A quasit (D:20) A dwarf zombie (Tomb:1) A lava snake (D:20) Dowan (D:5) A demigod skeleton (Tomb:3) A big fish (Snake:3) A hound (Lair:4) A giant ant zombie (D:10) A deep elf soldier (Vault:2) A giant ant (D:22) An orange rat (Vault:2) A snake (Snake:4) A giant eyeball (Slime:1) A giant gecko (Lair:5) A giant mite zombie (Tomb:2) A quokka (Lair:5) A quokka skeleton (Tomb:3) 2 sphinxes (Tomb:1) 2 Executioners 2 orc warlords 2 draconian callers 2 deep elf sorcerers (Elf:7) 2 Cacodemons (Pan) 2 anacondas 2 ice dragons 2 very ugly things (Vault:4) 2 hell knights 2 deep elf knights 2 wizards (Pan) 2 yaktaur zombies (Vault:6) 2 hill giants 2 orc sorcerers 2 shining eyes (Slime:6) 2 rock trolls 2 spiny frogs 2 deep dwarf necromancers (Port) 2 komodo dragons 2 smoke demons 2 polar bears 2 giant toads 2 deep elf conjurers 2 fire drakes 2 freezing wraiths 2 deep elf magi 2 wolves (Lair:6) 2 big kobolds (D:10) 2 boulder beetles 2 orc priests 2 iron imps 2 sheep (D:20) 2 giant bat zombies (Tomb:1) 2 jackals (Lair:4) 2 goblins 2 fungi 3 draconian scorchers (Port) 3 death drakes 3 phantasmal warriors 3 spiny worms 3 deep dwarf artificers (Port) 3 two-headed ogres (Vault:5) 3 trolls 3 wraiths 3 golden eyes (Slime:1) 3 neqoxecs 3 nagas (Snake:4) 3 water moccasins 3 iguanas 3 shadow imps 3 hobgoblins 4 azure jellies 4 centaur warriors 4 flayed ghosts 4 large large abominations (Pan) 4 hellwings 4 brown oozes (Slime:1) 4 ynoxinuls 4 deep elf fighters 4 ghouls 4 necrophages 4 orc wizards 4 rats (Vault:2) 4 illusory rakshasas (D:16) 5 acid blobs 5 oklob plants 5 orange demons 5 yaks 5 hungry ghosts 5 white imps 5 plants 6 yaktaur captains 6 ice devils 6 shadow wraiths 6 orc knights 6 yaktaurs 6 centaurs 6 midges 6 lemures 6 grey rats 7 reapers 7 war dogs (Lair:5) 7 ogres 7 kobolds 8 stone giants 8 soul eaters 8 elephants 8 blue devils (Port) 8 shadows 8 giant bats 10 slime creatures 10 flying skulls 12 orc warriors 13 imps 14 green rats 21 mummy priests 23 greater mummies 24 ufetubi 30 ugly things 48 orcs 62 mummies 92 guardian mummies
790 creatures vanquished. ----------------------------------------

Vanquished Creatures (others)
  Monster Symbol All '@'
  A human (D:3)
1 creature vanquished. All '*' 7 ball lightnings (Pan) 4 giant spores 1052 tentacle segments
1063 creatures vanquished. All '1' 5 Balrugs 6 Executioners 7 Green Deaths 6 Blue Deaths 4 Cacodemons
28 creatures vanquished. All '3' 3 orange demons 5 smoke demons 8 ynoxinuls 6 neqoxecs
22 creatures vanquished. All '4' 2 hellwings A red devil (Pan) A rotting devil (Pan)
4 creatures vanquished. All '5' 20 imps 14 iron imps 29 midges 23 lemures 25 shadow imps 36 white imps 84 ufetubi
231 creatures vanquished. All '8' A wood golem (Abyss)
1 creature vanquished. All '9' A metal gargoyle (Dis:7) A molten gargoyle (Geh:7)
2 creatures vanquished. All 'A' 14 Daevas 15 Angels
29 creatures vanquished. All 'b' 7 butterflies
7 creatures vanquished. All 'D' A hydra (D:15) A mottled dragon (D:20)
2 creatures vanquished. All 'e' A deep elf knight (Elf:7) 2 deep elf magi 4 deep elf soldiers
7 creatures vanquished. All 'f' A ballistomycete (Abyss) 19 fungi 183 toadstools
203 creatures vanquished. All 'F' A giant toad (D:15)
1 creature vanquished. All 'g' A goblin (D:10)
1 creature vanquished. All 'G' An eye of devastation (Slime:6)
1 creature vanquished. All 'h' A hell hound (Port) A warg (Vault:4) A jackal (D:4)
3 creatures vanquished. All 'i' A spriggan (shapeshifter) (Vault:4)
1 creature vanquished. All 'J' 4 acid blobs (Slime:6) 66 slime creatures A jellyfish (Coc:7) A pulsating lump (Slime:6) 2 jellies
74 creatures vanquished. All 'k' A killer bee larva (Hive:2)
1 creature vanquished. All 'K' 2 kobolds
2 creatures vanquished. All 'L' An ancient lich (Port)
1 creature vanquished. All 'M' 5 mummies
5 creatures vanquished. All 'N' A naga mage (Snake:5) 3 nagas
4 creatures vanquished. All 'o' An orc knight (Vault:5) An orc wizard (Vault:4) An orc warrior (Vault:4) 3 orcs
6 creatures vanquished. All 'P' A bush (Lair:4) 23 plants
24 creatures vanquished. All 'r' A green rat (Elf:1) A grey rat (Port) 2 rats
4 creatures vanquished. All 'S' A black mamba (Snake:2) A water moccasin (Snake:5) A snake (Port)
3 creatures vanquished. All 'u' 3 ugly things
3 creatures vanquished. All 'v' An insubstantial wisp (D:27)
1 creature vanquished. All 'w' 33 tentacles
33 creatures vanquished. All 'x' 9 small abominations
9 creatures vanquished. All 'X' A large large abomination (Port)
1 creature vanquished. All 'Y' A sheep (D:20)
1 creature vanquished. All 'z' A human zombie (D:19) A skeletal warrior (Port) A red draconian skeleton (Port) A water moccasin zombie (Snake:2) A wight (D:22) A demigod skeleton (Geh:7) 2 orc zombies A flying skull (Coc:7) An iguana zombie (D:16) 5 elf zombies A giant gecko skeleton (Tomb:3) A kobold skeleton (D:15) A quokka zombie (D:20)
18 creatures vanquished. All 'Z' A fire giant zombie (Vault:6) An elephant slug zombie (Tomb:2) 2 yaktaur zombies A yaktaur skeleton (Vault:6) A troll zombie (Vault:4) 2 centaur zombies (Vault:2)
8 creatures vanquished.
1805 creatures vanquished. Monster Nature Natural Monsters 4 acid blobs (Slime:6) A hydra (D:15) A deep elf knight (Elf:7) An orc knight (Vault:5) An eye of devastation (Slime:6) A black mamba (Snake:2) 66 slime creatures A spriggan (shapeshifter) (Vault:4) A naga mage (Snake:5) 3 ugly things A giant toad (D:15) A mottled dragon (D:20) A human (D:3) 2 deep elf magi An orc wizard (Vault:4) An orc warrior (Vault:4) 3 nagas A warg (Vault:4) A water moccasin (Snake:5) A jellyfish (Coc:7) A pulsating lump (Slime:6) 4 deep elf soldiers A sheep (D:20) 2 jellies A green rat (Elf:1) A snake (Port) A grey rat (Port) A goblin (D:10) A jackal (D:4) 2 kobolds 3 orcs A killer bee larva (Hive:2) 2 rats 7 butterflies 33 tentacles 1052 tentacle segments
1206 creatures vanquished. Non-Living Monsters 7 ball lightnings (Pan) A metal gargoyle (Dis:7) A wood golem (Abyss) A molten gargoyle (Geh:7) An insubstantial wisp (D:27)
11 creatures vanquished. Undead Monsters An ancient lich (Port) A fire giant zombie (Vault:6) A human zombie (D:19) A skeletal warrior (Port) An elephant slug zombie (Tomb:2) A red draconian skeleton (Port) 2 yaktaur zombies A yaktaur skeleton (Vault:6) A troll zombie (Vault:4) 2 centaur zombies (Vault:2) A water moccasin zombie (Snake:2) A wight (D:22) A demigod skeleton (Geh:7) 2 orc zombies 5 mummies A flying skull (Coc:7) An iguana zombie (D:16) 5 elf zombies A giant gecko skeleton (Tomb:3) A kobold skeleton (D:15) A quokka zombie (D:20)
32 creatures vanquished. Demonic Monsters 5 Balrugs 6 Executioners 7 Green Deaths 6 Blue Deaths 4 Cacodemons A large large abomination (Port) 3 orange demons 2 hellwings 5 smoke demons 8 ynoxinuls 6 neqoxecs 9 small abominations A hell hound (Port) A red devil (Pan) A rotting devil (Pan) 20 imps 14 iron imps 29 midges 23 lemures 25 shadow imps 36 white imps 84 ufetubi
296 creatures vanquished. Plants 4 giant spores A ballistomycete (Abyss) A bush (Lair:4) 19 fungi 23 plants 183 toadstools
231 creatures vanquished.
1805 creatures vanquished. Ascending Order An ancient lich (Port) A hydra (D:15) A fire giant zombie (Vault:6) A human zombie (D:19) A deep elf knight (Elf:7) A skeletal warrior (Port) An elephant slug zombie (Tomb:2) An orc knight (Vault:5) A red draconian skeleton (Port) An eye of devastation (Slime:6) A large large abomination (Port) A black mamba (Snake:2) A spriggan (shapeshifter) (Vault:4) A naga mage (Snake:5) A giant toad (D:15) A metal gargoyle (Dis:7) A wood golem (Abyss) A mottled dragon (D:20) A human (D:3) A molten gargoyle (Geh:7) A hell hound (Port) An insubstantial wisp (D:27) A yaktaur skeleton (Vault:6) A troll zombie (Vault:4) A red devil (Pan) An orc wizard (Vault:4) An orc warrior (Vault:4) A rotting devil (Pan) A warg (Vault:4) A water moccasin (Snake:5) A water moccasin zombie (Snake:2) A jellyfish (Coc:7) A wight (D:22) A demigod skeleton (Geh:7) A pulsating lump (Slime:6) A sheep (D:20) A flying skull (Coc:7) An iguana zombie (D:16) A green rat (Elf:1) A snake (Port) A grey rat (Port) A jackal (D:4) A goblin (D:10) A killer bee larva (Hive:2) A giant gecko skeleton (Tomb:3) A kobold skeleton (D:15) A quokka zombie (D:20) A bush (Lair:4) A ballistomycete (Abyss) 2 hellwings 2 yaktaur zombies 2 deep elf magi 2 centaur zombies (Vault:2) 2 orc zombies 2 jellies 2 kobolds 2 rats 3 orange demons 3 ugly things 3 nagas 3 orcs 4 acid blobs (Slime:6) 4 Cacodemons 4 deep elf soldiers 4 giant spores 5 Balrugs 5 smoke demons 5 mummies 5 elf zombies 6 Executioners 6 Blue Deaths 6 neqoxecs 7 Green Deaths 7 ball lightnings (Pan) 7 butterflies 8 ynoxinuls 9 small abominations 14 Daevas 14 iron imps 15 Angels 19 fungi 20 imps 23 lemures 23 plants 25 shadow imps 29 midges 33 tentacles 36 white imps 66 slime creatures 84 ufetubi 183 toadstools 1052 tentacle segments
1805 creatures vanquished. The 3-digit Club 183 toadstools 1052 tentacle segments
1235 creatures vanquished. ----------------------------------------

Grand Total: 12536 creatures vanquished

Notes
Turn   | Place    | Note
--------------------------------------------------------------
     0 | D:1      | MarvinPA, the Deep Dwarf Chaos Knight, began the quest for the Orb.
     0 | D:1      | Reached XP level 1. HP: 14/14 MP: 1/1
   630 | D:1      | Reached XP level 2. HP: 20/20 MP: 2/2
   952 | D:2      | Reached skill level 3 in Axes
   966 | D:2      | Acquired Makhleb's first power
  1290 | D:2      | Reached XP level 3. HP: 16/28 MP: 3/4
  1522 | D:3      | Acquired Makhleb's second power
  1999 | D:3      | Reached XP level 4. HP: 13/35 MP: 5/5
  2175 | D:3      | Found an ancient bone altar of Kikubaaqudgha.
  2235 | D:3      | Noticed Crazy Yiuf
  2263 | D:3      | Defeated Crazy Yiuf
  2402 | D:4      | Reached skill level 4 in Axes
  2419 | D:4      | Found Thruij's Distillery.
  2461 | D:4      | Bought a potion of confusion for 1 gold piece
  2461 | D:4      | Bought a potion of heal wounds for 36 gold pieces
  2461 | D:4      | Bought a potion of healing for 24 gold pieces
  2461 | D:4      | Bought a potion of resistance for 84 gold pieces
  2461 | D:4      | Bought 2 potions of brilliance for 60 gold pieces
  2461 | D:4      | Bought 2 potions of speed for 60 gold pieces
  2461 | D:4      | Bought a potion of might for 30 gold pieces
  2475 | D:4      | Noticed Edmund
  2498 | D:4      | Reached XP level 5. HP: 36/43 MP: 2/7
  2510 | D:4      | Defeated Edmund
  2510 | D:4      | Reached XP level 6. HP: 41/49 MP: 4/9
  2548 | D:4      | Noticed Menkaure
  2677 | D:4      | Defeated Menkaure
  2794 | D:4      | Found Giegois' Magical Wand Shop.
  2803 | D:4      | Found Laagg's Book Boutique.
  2803 | D:4      | Found a radiant altar of Vehumet.
  2851 | D:4      | Reached skill level 5 in Axes
  2916 | D:4      | Reached skill level 1 in Spellcasting
  2962 | D:5      | Entered Level 5 of the Dungeon
  3180 | D:5      | Found a shimmering altar of Xom.
  3268 | D:5      | Acquired Makhleb's third power
  3268 | D:5      | Reached XP level 7. HP: 57/57 MP: 10/10
  3293 | D:5      | Noticed Dowan
  3305 | D:5      | Noticed Duvessa
  3316 | D:5      | Reached skill level 6 in Axes
  3323 | D:5      | Defeated Duvessa
  3332 | D:5      | Defeated Dowan
  3521 | D:5      | Reached skill level 5 in Armour
  3592 | D:5      | Reached skill level 7 in Axes
  4335 | D:6      | Reached XP level 8. HP: 28/65 MP: 10/13
  4420 | D:6      | Acquired Makhleb's fourth power
  4430 | D:6      | Reached skill level 5 in Invocations
  4928 | D:7      | Found a staircase to the Orcish Mines.
  5034 | D:7      | Found a bloodstained altar of Trog.
  5111 | D:7      | Found a staircase to the Ecumenical Temple.
  5294 | D:7      | Reached skill level 8 in Axes
  5974 | D:8      | MrMisterMonkey: you should get a smoke demon to kill that angel
  5974 | D:8      | it's in a box, isn't it?
  6062 | D:7      | MrMisterMonkey: smoke demon because smite
  6062 | D:7      | oh yeah
  6062 | D:7      | probably not worth the piety :P
  6092 | D:7      | it doesn't want to :(
  6094 | D:7      | MrMisterMonkey: get the rest to kill the iron devil mayve
  6102 | D:7      | should totally dig it out
  6104 | D:7      | MrMisterMonkey: always
  6141 | D:7      | oh well, that was a waste of piety :P
  6312 | D:7      | Gained mutation: You passively map the area around you.
  6312 | D:7      | Reached XP level 9. HP: 66/73 MP: 19/19
  6618 | D:8      | Reached skill level 9 in Invocations
  6729 | D:8      | Found Ivaiwus' General Store.
  6732 | D:8      | Found a burning altar of Makhleb.
  6973 | D:9      | Noticed Eustachio
  6990 | D:9      | Defeated Eustachio
  7129 | D:9      | Noticed Maurice
  7131 | D:9      | Reached skill level 1 in Evocations
  7158 | D:9      | Defeated Maurice
  7158 | D:9      | Acquired Makhleb's fifth power
  7322 | D:9      | Noticed Blork the orc
  7324 | D:9      | Reached skill level 10 in Invocations
  7327 | D:9      | Defeated Blork the orc
  7356 | D:9      | Noticed Grum
  7373 | D:9      | Defeated Grum
  7373 | D:9      | Reached XP level 10. HP: 69/80 MP: 22/22
  7413 | D:10     | Entered Level 10 of the Dungeon
  7444 | D:10     | Noticed Sonja
  7444 | D:10     | Defeated Sonja
  7600 | D:10     | Reached skill level 10 in Axes
  7735 | D:10     | Reached skill level 5 in Fighting
  7776 | D:10     | Reached skill level 1 in Stealth
  7878 | D:10     | Noticed Grinder
  7880 | D:10     | Found Tweup's General Store.
  7883 | D:10     | Noticed Erolcha
  7924 | D:10     | Defeated Grinder
  7933 | D:10     | Reached skill level 11 in Invocations
  7941 | D:10     | Erolcha changed into Erolcha the soldier ant
  7955 | D:10     | Defeated Erolcha the soldier ant
  8453 | D:10     | Found a staircase to the Lair.
  8855 | D:11     | Found Paevaesh's Magic Scroll Emporium.
  8885 | D:11     | Bought a scroll of identify for 30 gold pieces
  8885 | D:11     | Bought a scroll of identify for 30 gold pieces
  8885 | D:11     | Bought a scroll of torment for 112 gold pieces
  9234 | Lair:1   | Entered Level 1 of the Lair of Beasts
  9314 | D:10     | Learned a level 2 spell: Swiftness
  9812 | Lair:1   | Reached skill level 12 in Invocations
  9860 | Lair:1   | Reached skill level 1 in Traps & Doors
 10129 | Lair:1   | Reached XP level 11. HP: 76/90 MP: 25/25
 10359 | D:10     | Reached skill level 1 in Enchantments
 10487 | D:10     | Reached skill level 1 in Air Magic
 12065 | Lair:3   | Reached skill level 13 in Invocations
 12218 | Lair:4   | Noticed Maud
 12251 | Lair:4   | Found a staircase to the Shoals.
 12619 | Lair:4   | Noticed Erica
 12625 | Lair:4   | Defeated Erica
 12908 | Lair:4   | Defeated Maud
 12946 | Lair:4   | Found a staircase to the Snake Pit.
 13053 | Lair:4   | Reached XP level 12. HP: 54/97 MP: 26/27
 13073 | Lair:4   | Reached skill level 14 in Invocations
 13847 | Lair:4   | Found a white marble altar of Elyvilon.
 13982 | Lair:5   | Noticed Gastronok
 14034 | Lair:5   | Reached skill level 10 in Armour
 14039 | Lair:5   | Reached skill level 5 in Dodging
 15149 | Lair:5   | Noticed a redback
 15157 | Lair:5   | Defeated a redback
 15252 | Lair:5   | Defeated Gastronok
 15263 | Lair:5   | Got a slimy wizard hat
 15267 | Lair:5   | Identified the +3 hat of Pondering (You took it off Gastronok on level 5 of the Lair of Beasts)
 15407 | Lair:1   | Learned a level 1 spell: Apportation
 16094 | Lair:6   | Found a staircase to the Slime Pits.
 16095 | Lair:6   | Found a viscous altar of Jiyva.
 16267 | Lair:6   | Found a frozen archway.
 16324 | IceCv    | Entered an ice cave
 16340 | IceCv    | Reached skill level 15 in Invocations
 16492 | IceCv    | Got an ancient demon trident
 16784 | Lair:5   | Reached XP level 13. HP: 41/105 MP: 25/29
 16873 | Lair:1   | Identified the demon trident "Uphyfu" {elec, rPois Stlth++} (You found it in an ice cave)
 17054 | D:10     | Reached skill level 5 in Enchantments
 19091 | Lair:8   | Entered Level 8 of the Lair of Beasts
 19672 | Lair:8   | Gained mutation: You resist negative energy.
 19672 | Lair:8   | Reached XP level 14. HP: 114/114 MP: 30/30
 19854 | Lair:8   | Reached skill level 16 in Invocations
 20701 | Temple   | Entered the Ecumenical Temple
 20845 | Orc:1    | Entered Level 1 of the Orcish Mines
 21274 | Orc:3    | Found Neqaxe's Antique Armour Shop.
 21758 | Orc:4    | Entered Level 4 of the Orcish Mines
 21832 | Orc:3    | Noticed an orc warlord
 21992 | Orc:3    | Defeated an orc warlord
 22148 | Orc:3    | Found a staircase to the Elven Halls.
 22534 | Orc:2    | You fall through a shaft!
 22923 | Orc:1    | Found a dark tunnel.
 22932 | Volcano  | Entered a volcano
 23209 | Volcano  | Noticed Urug
 23210 | Volcano  | Found a bloodstained altar of Trog.
 23224 | Volcano  | Defeated Urug
 24330 | Orc:4    | Noticed an orc warlord
 24336 | Orc:4    | Found a bloodstained altar of Trog.
 24705 | Orc:4    | Defeated an orc warlord
 25431 | D:12     | Found a flagged portal. 25436
                  | bailey
                  | Entered the bailey 25537
                  | bailey
                  | Reached skill level 15 in Axes 25664
                  | bailey
                  | Identified 2 scrolls of acquirement
 25942 | D:12     | Got a brightly glowing granite ring
 25951 | D:12     | Identified the ring "Qager" (You found it on level 12 of the Dungeon)
 26358 | D:11     | You fall through a shaft!
 26361 | D:13     | Found a portal to a secret trove of treasure.
 26597 | D:11     | Bought a scroll of recharging for 75 gold pieces
 26597 | D:11     | Bought a scroll of recharging for 75 gold pieces
 26597 | D:11     | Bought a scroll of amnesia for 75 gold pieces
 26597 | D:11     | Bought a scroll of enchant weapon I for 72 gold pieces
 26597 | D:11     | Bought a scroll of magic mapping for 52 gold pieces
 26773 | D:4      | Bought a book of Summonings for 1155 gold pieces
 27019 | D:13     | You paid a toll of a book of Summonings to enter a treasure trove. 27020
                  | trove
                  | Entered a treasure trove 27026
                  | trove
                  | Got a smoking broad axe 27040
                  | trove
                  | Got a crystal executioner's axe 27064
                  | trove
                  | Got an encrusted hand axe 27068
                  | trove
                  | Got a fine dagger 27071
                  | trove
                  | Got a warped longbow 27073
                  | trove
                  | Got a steaming hammer
 27175 | D:10     | Bought a scroll of remove curse for 42 gold pieces
 27176 | D:10     | Identified the broad axe "Coiparur" {freeze, rF+ Stlth++} (You found it in a treasure trove)
 27177 | D:10     | Identified the executioner's axe "Jogeinoo" {holy, rPois rC+ Int+2} (You found it in a treasure trove)
 27186 | D:10     | Identified the hand axe of the Imperium {pain, Str+4} (You found it in a treasure trove)
 27188 | D:10     | Identified the cursed dagger "Bung" {stab, Hunger rN+ MR} (You found it in a treasure trove)
 27191 | D:10     | Identified the longbow of Dakuwix {speed, rPois rF- MR Dex+1} (You found it in a treasure trove)
 27193 | D:10     | Identified the hammer of the Six Planets {crush, Hunger rC+ Int+2} (You found it in a treasure trove)
 27765 | D:14     | Found a staircase to the Hive.
 28817 | D:15     | Entered Level 15 of the Dungeon
 28873 | D:15     | Reached XP level 15. HP: 77/121 MP: 27/31
 29253 | D:15     | Found a basalt altar of Yredelemnul.
 29259 | D:15     | Noticed Nergalle
 29273 | D:15     | Defeated Nergalle
 29522 | D:16     | Noticed Louise
 29557 | D:16     | Defeated Louise
 29680 | D:15     | Reached skill level 17 in Invocations
 30450 | D:17     | You fall through a shaft!
 30575 | D:19     | Found a staircase to the Vaults.
 30612 | D:19     | Learned a level 2 spell: Blink
 31309 | D:18     | Found Nolage's Jewellery Boutique.
 31535 | D:17     | Found Cettif's Book Shoppe.
 31535 | D:17     | Noticed Frances
 31540 | D:17     | Gained mutation: You are frail (-10% HP).
 31546 | D:17     | Gained mutation: You are clumsy (Dex -1).
 31548 | D:17     | Defeated Frances
 31548 | D:17     | Gained mutation: Your body is slowly deteriorating.
 31562 | D:17     | Lost mutation: You are frail (-10% HP).
 31562 | D:17     | Lost mutation: Your body is slowly deteriorating.
 31562 | D:17     | Lost mutation: You are clumsy (Dex -1).
 31739 | D:10     | Bought a wand of disintegration (8) for 236 gold pieces
 32486 | D:18     | Bought an uncursed ring of protection from magic for 504 gold pieces
 32730 | D:19     | Noticed Rupert
 32742 | D:20     | Entered Level 20 of the Dungeon
 32814 | D:20     | Noticed Wiglaf
 32827 | D:20     | Defeated Wiglaf
 32827 | D:20     | Reached XP level 16. HP: 33/130 MP: 33/33
 32898 | D:20     | Found a gateway to Hell.
 33645 | D:19     | Defeated Rupert
 35611 | Vault:1  | Entered Level 1 of the Vaults
 35892 | Vault:1  | Identified a +1 pair of boots of running (You acquired it on level 1 of the Vaults)
 37748 | Vault:2  | Reached XP level 17. HP: 75/140 MP: 34/34
 37924 | Vault:2  | Reached skill level 18 in Invocations
 38149 | Vault:2  | Noticed a deep elf priest
 38159 | Vault:2  | Defeated a deep elf priest
 38368 | Vault:3  | Found Asaloam's Armour Boutique.
 38476 | Vault:3  | Noticed Xtahua
 38491 | Vault:3  | Defeated Xtahua
 38557 | Vault:2  | Noticed a deep elf mage
 38561 | Vault:2  | Noticed a deep elf mage
 38564 | Vault:2  | Defeated a deep elf mage
 38574 | Vault:2  | Defeated a deep elf mage
 38966 | Vault:4  | Reached skill level 1 in Stabbing
 39446 | Vault:4  | Found Peqizone's Weapon Boutique.
 39455 | Vault:4  | Noticed Margery
 39503 | Vault:4  | Defeated Margery
 39594 | Vault:4  | Gained mutation: You passively map a large area around you.
 39594 | Vault:4  | Reached XP level 18. HP: 97/147 MP: 35/35
 39632 | Vault:4  | Got a fine plate mail
 39774 | Vault:4  | Identified the +3 plate mail of the Unseen Realm (You found it on level 4 of the Vaults)
 40017 | Vault:4  | Found a staircase to the Crypt.
 41253 | Snake:1  | Entered Level 1 of the Snake Pit
 42289 | Snake:2  | Got a crude pewter ring
 42290 | Snake:2  | Identified the ring "Tum Foe" (You found it on level 2 of the Snake Pit)
 42329 | Snake:2  | Noticed Azrael
 42351 | Snake:2  | Defeated Azrael
 42464 | Snake:2  | You fall through a shaft!
 42479 | Snake:3  | Reached skill level 19 in Invocations
 42516 | Snake:3  | Reached skill level 15 in Armour
 43125 | Snake:3  | Found a burning altar of Makhleb.
 44128 | Snake:4  | Noticed Aizul
 44162 | Snake:4  | Defeated Aizul
 44205 | Snake:5  | Entered Level 5 of the Snake Pit
 44344 | Snake:5  | Reached skill level 5 in Evocations
 45628 | Vault:5  | Reached skill level 10 in Fighting
 46027 | Vault:5  | Reached XP level 19. HP: 71/158 MP: 34/34
 46340 | Vault:5  | Noticed a deep elf conjurer
 46348 | Vault:5  | Defeated a deep elf conjurer
 46377 | Vault:5  | Noticed a deep elf mage
 46382 | Vault:5  | Defeated a deep elf mage
 46973 | Vault:6  | Found a staircase to the Hall of Blades.
 49305 | D:22     | Found a one-way gate leading to the halls of Pandemonium.
 50070 | D:22     | Reached skill level 20 in Axes
 50146 | D:22     | Reached XP level 20. HP: 165/165 MP: 31/34
 50191 | D:22     | Noticed a titan
 50199 | D:22     | Noticed a shadow dragon
 50204 | D:22     | Defeated a titan
 50478 | D:22     | An azure jelly changed into a quicksilver dragon
 50483 | D:22     | Defeated a quicksilver dragon
 50524 | D:22     | Defeated a shadow dragon
 52522 | D:23     | Found a magical portal.
 52537 | WizLab   | Entered Tukima's Studio
 52923 | D:23     | Found a flickering gateway to a bazaar. 52930
                  | bazaar
                  | Entered a bazaar 52937
                  | bazaar
                  | Found Dokh's Armour Shop. 52951
                  | bazaar
                  | Found Mowniyl's Food Boutique. 52965
                  | bazaar
                  | Found Caarutut's Magic Scroll Shop. 52974
                  | bazaar
                  | Bought a scroll of magic mapping for 35 gold pieces 52974
                  | bazaar
                  | Bought a scroll of teleportation for 30 gold pieces 52974
                  | bazaar
                  | Bought a scroll of enchant armour for 48 gold pieces 52974
                  | bazaar
                  | Bought a scroll of teleportation for 30 gold pieces 52974
                  | bazaar
                  | Bought a scroll of enchant weapon I for 48 gold pieces 52974
                  | bazaar
                  | Bought a scroll of enchant weapon II for 55 gold pieces 52974
                  | bazaar
                  | Bought a scroll of remove curse for 30 gold pieces 52983
                  | bazaar
                  | Found Kusaal's Food Boutique. 52997
                  | bazaar
                  | Found Uloek's Antique Weapon Shop. 53011
                  | bazaar
                  | Found Praudum's Food Boutique.
 53428 | D:23     | Got a smoking cloak
 53432 | D:23     | Identified the +0 cloak of Anaesthesia (You acquired it on level 23 of the Dungeon)
 53547 | D:23     | HP: 1/169 [freezing wraith (29)]
 54600 | Elf:1    | Entered Level 1 of the Elven Halls
 54635 | Elf:1    | Reached skill level 21 in Axes
 54914 | Elf:1    | Found Ysatoil's Food Boutique.
 54927 | Elf:1    | Got a slimy plate mail
 55033 | Elf:2    | Found Gogew's Weapon Shoppe.
 55033 | Elf:2    | Noticed Donald
 55038 | Elf:2    | Defeated Donald
 55314 | Elf:1    | Found Apnogiuf's Magic Scroll Shoppe.
 55318 | Elf:1    | Bought a scroll of amnesia for 60 gold pieces
 55318 | Elf:1    | Bought a scroll of remove curse for 36 gold pieces
 55318 | Elf:1    | Bought a scroll of remove curse for 36 gold pieces
 55318 | Elf:1    | Bought a scroll of identify for 24 gold pieces
 55318 | Elf:1    | Bought a scroll of teleportation for 36 gold pieces
 55318 | Elf:1    | Bought a scroll of amnesia for 60 gold pieces
 55318 | Elf:1    | Bought a scroll of enchant weapon I for 57 gold pieces
 55318 | Elf:1    | Bought a scroll of blinking for 36 gold pieces
 55318 | Elf:1    | Bought a scroll of identify for 24 gold pieces
 55591 | Lair:1   | Identified the cursed +3 plate mail of Insatiable Hunger (You found it on level 1 of the Elven Halls)
 55852 | Elf:1    | Found Saduopuf's Book Emporium.
 56476 | Elf:2    | Gained mutation: You are agile (Dex +1).
 56490 | Elf:2    | Noticed Harold
 56500 | Elf:2    | Defeated Harold
 57602 | Vault:7  | Reached XP level 21. HP: 169/176 MP: 32/32
 57689 | Vault:7  | Found a white marble altar of Elyvilon.
 58035 | Vault:7  | Found Klogef's Weapon Shoppe.
 58401 | Vault:7  | Noticed an orc warlord
 58635 | Vault:7  | Gained mutation: Your mind is acute (Int +1).
 58694 | Vault:7  | Defeated an orc warlord
 59725 | D:24     | Noticed Mara
 59727 | D:24     | Noticed Saint Roka
 59873 | D:24     | Reached skill level 22 in Axes
 59910 | D:24     | Defeated Saint Roka
 59933 | D:24     | Noticed MarvinPA's ghost (mighty DDCK)
 60822 | D:24     | Noticed MarvinPA's ghost (mighty DDCK)
 61741 | D:24     | Noticed MarvinPA's ghost (mighty DDCK)
 61755 | D:25     | Entered Level 25 of the Dungeon
 62696 | D:25     | Found a one-way gate to the infinite horrors of the Abyss.
 63199 | D:26     | Reached XP level 22. HP: 181/185 MP: 32/32
 63273 | D:26     | A moth of wrath changed into a guardian serpent
 63279 | D:26     | A guardian serpent changed into a giant firefly
 63907 | D:26     | Reached skill level 23 in Axes
 63987 | D:26     | Got a faintly glowing buckler
 63993 | D:26     | Identified the +3 buckler of the Lonely Places (You found it on level 26 of the Dungeon)
 64456 | D:27     | Entered Level 27 of the Dungeon
 64531 | D:27     | Gained mutation: You are agile (Dex +2).
 64615 | D:27     | Found a flickering gateway to a bazaar. 64636
                  | bazaar
                  | Entered a bazaar 64636
                  | bazaar
                  | Found Wuaviah's Antique Weapon Emporium. 64636
                  | bazaar
                  | Found Xaeng's Armour Shoppe.
 65392 | D:24     | Noticed MarvinPA's ghost (great DDCK)
 65399 | D:24     | Defeated Mara
 65423 | D:24     | Defeated MarvinPA's illusion
 65879 | D:24     | Reached skill level 24 in Axes
 66049 | D:24     | Noticed Boris
 66066 | D:24     | Defeated Boris
 67410 | Elf:3    | Learned a level 1 spell: Confusing Touch
 68331 | Elf:3    | Reached XP level 23. HP: 192/192 MP: 33/33
 68603 | Elf:4    | Found Smiru's Armour Shoppe.
 68608 | Elf:4    | Bought a +0 pair of gauntlets for 18 gold pieces
 68634 | Elf:4    | Reached XP level 22. HP: 185/185 MP: 42/42
 68637 | Elf:4    | Reached XP level 23. HP: 192/192 MP: 33/33
 69335 | Elf:5    | Found a burning altar of Makhleb.
 70159 | Elf:6    | Found a radiant altar of Vehumet.
 71627 | Snake:5  | Reached skill level 25 in Axes
 71689 | Snake:5  | Got a serpentine rune of Zot
 71745 | Snake:5  | Noticed Kirke
 71757 | Snake:5  | Defeated Kirke
 72450 | Elf:7    | Entered Level 7 of the Elven Halls
 73163 | Elf:7    | Noticed a deep elf blademaster
 73184 | Elf:7    | Noticed a deep elf blademaster
 73186 | Elf:7    | Defeated a deep elf blademaster
 73197 | Elf:7    | Noticed a deep elf master archer
 73204 | Elf:7    | Noticed a deep elf master archer
 73219 | Elf:7    | Defeated a deep elf blademaster
 73227 | Elf:7    | Defeated a deep elf master archer
 73651 | Elf:7    | Noticed a deep elf master archer
 73659 | Elf:7    | Noticed a deep elf blademaster
 73666 | Elf:7    | Defeated a deep elf master archer
 73677 | Elf:7    | Defeated a deep elf master archer
 73710 | Elf:7    | Defeated a deep elf blademaster
 73928 | Elf:7    | Noticed a deep elf blademaster
 73960 | Elf:7    | Defeated a deep elf blademaster
 74017 | Elf:7    | Noticed a deep elf master archer
 74028 | Elf:7    | Defeated a deep elf master archer
 74034 | Elf:7    | Noticed a deep elf master archer
 74052 | Elf:7    | Defeated a deep elf master archer
 74057 | Elf:7    | Noticed a deep elf blademaster
 74172 | Elf:7    | Defeated a deep elf blademaster
 74296 | Elf:7    | Got an antique book
 74299 | Elf:7    | Identified the Disquisition on Moulding and Stones (You found it on level 7 of the Elven Halls)
 74320 | Elf:7    | Got a sparkling book
 74321 | Elf:7    | Identified the Incunabulum of Supportive Sinister Rites (You found it on level 7 of the Elven Halls)
 74369 | Elf:7    | Got a pair of jewelled boots
 74375 | Elf:7    | Got an antique book
 74376 | Elf:7    | Identified the Reference Book on the Harmful Volcanoes (You found it on level 7 of the Elven Halls)
 74445 | Elf:7    | Got a steaming glass ring
 74850 | Lair:1   | Identified the cursed -4 pair of boots "Rocam" (You found it on level 7 of the Elven Halls)
 74854 | Lair:1   | Identified the ring "Dyakuxuy" {Dex+3} (You found it on level 7 of the Elven Halls)
 75004 | Shoals:1 | Entered Level 1 of the Shoals
 78406 | Shoals:3 | Reached XP level 24. HP: 202/202 MP: 34/34
 78821 | Shoals:4 | Noticed Snorg
 78826 | Shoals:4 | Defeated Snorg
 79296 | Shoals:5 | Entered Level 5 of the Shoals
 79362 | Shoals:5 | Reached skill level 26 in Axes
 79371 | Shoals:5 | Got an antique book
 79372 | Shoals:5 | Identified the Catalogue of Earthen Shape Shifting (You found it on level 5 of the Shoals)
 79752 | Shoals:5 | Noticed Ilsuiw
 79760 | Shoals:5 | Gained mutation: Your vision is a little blurry.
 80043 | Shoals:5 | Defeated Ilsuiw
 80099 | Shoals:5 | Noticed Polyphemus
 80108 | Shoals:5 | Defeated Polyphemus
 80269 | Shoals:5 | Got a barnacled rune of Zot
 81049 | Lair:1   | Lost mutation: Your mind is acute (Int +1).
 81049 | Lair:1   | Lost mutation: Your vision is a little blurry.
 81049 | Lair:1   | Lost mutation: You are agile (Dex +2).
 82031 | Lair:1   | Reached skill level 5 in Air Magic
 82474 | Vault:8  | Entered Level 8 of the Vaults
 83000 | Vault:8  | Noticed a deep elf sorcerer
 83005 | Vault:8  | Defeated a deep elf sorcerer
 83009 | Vault:8  | Noticed an iron dragon
 83023 | Vault:8  | Defeated an iron dragon
 83065 | Vault:8  | Got a blackened book
 83066 | Vault:8  | Identified the Grimoire of Transmigration (You found it on level 8 of the Vaults)
 83118 | Vault:8  | Got a smoking pewter ring
 83141 | Vault:8  | Noticed an iron dragon
 83151 | Vault:8  | Reached XP level 25. HP: 181/209 MP: 35/35
 83157 | Vault:8  | Noticed a golden dragon
 83161 | Vault:8  | Defeated an iron dragon
 83177 | Vault:8  | Defeated a golden dragon
 83203 | Vault:8  | Reached skill level 5 in Spellcasting
 83309 | Vault:8  | Noticed a quicksilver dragon
 83321 | Vault:8  | Defeated a quicksilver dragon
 83352 | Vault:8  | Reached skill level 10 in Enchantments
 83403 | Vault:8  | Got a silver rune of Zot
 83439 | Vault:8  | Noticed a guardian serpent
 83443 | Vault:8  | Defeated a guardian serpent
 83540 | Vault:8  | Noticed a bone dragon
 83557 | Vault:8  | Defeated a bone dragon
 83814 | Vault:8  | A sea snake changed into a pulsating lump
 83815 | Vault:8  | A pulsating lump changed into an elephant
 83826 | Vault:8  | Noticed a quicksilver dragon
 83826 | Vault:8  | A quicksilver dragon changed into a frost giant
 83911 | Vault:8  | Got a slimy tin ring
 84144 | Vault:8  | Noticed a golden dragon
 84155 | Vault:8  | Defeated a golden dragon
 84515 | Vault:8  | Noticed a deep elf high priest
 84520 | Vault:8  | Defeated a deep elf high priest
 84566 | Vault:8  | Identified the ring "Greelod" (You found it on level 8 of the Vaults)
 84717 | Vault:8  | Noticed a deep elf priest
 84725 | Vault:8  | Defeated a deep elf priest
 84769 | Vault:8  | Noticed a deep elf high priest
 84769 | Vault:8  | Noticed a deep elf death mage
 84774 | Vault:8  | Defeated a deep elf death mage
 84776 | Vault:8  | Defeated a deep elf high priest
 84778 | Vault:8  | Noticed a bone dragon
 84808 | Vault:8  | Reached XP level 26. HP: 219/219 MP: 35/35
 84823 | Vault:8  | Defeated a bone dragon
 85046 | Vault:8  | A lindwurm changed into a pulsating lump
 85047 | Vault:8  | A pulsating lump changed into a moth of wrath
 85238 | Vault:8  | Got a heavily runed golden ring
 85263 | Vault:8  | Identified the ring of Pride (You found it on level 8 of the Vaults)
 85706 | Vault:8  | Noticed Mennas
 85744 | Vault:8  | Defeated Mennas
 86998 | Zot:1    | Entered Level 1 of the Realm of Zot
 87075 | Zot:1    | Reached skill level 1 in Translocations
 87131 | Zot:1    | Gained mutation: You have a fast metabolism.
 87935 | Zot:1    | You are cast into the Abyss!
 87935 | Zot:1    | Cast into the Abyss (a Zot trap)
 87935 | Abyss    | Entered The Abyss
 88121 | Abyss    | Noticed a yellow draconian
 88132 | Abyss    | Defeated a yellow draconian
 88135 | Abyss    | Noticed a silent spectre
 88145 | Abyss    | Defeated a silent spectre
 88190 | Abyss    | Noticed a stone golem
 88208 | Abyss    | Defeated a stone golem
 88243 | Abyss    | Noticed an earth elemental
 88252 | Abyss    | Defeated an earth elemental
 88264 | Abyss    | Noticed a brown ugly thing
 88294 | Abyss    | Noticed an air elemental
 88302 | Abyss    | Defeated an air elemental
 88310 | Abyss    | Defeated a brown ugly thing
 88491 | Abyss    | Noticed a deep dwarf berserker
 88692 | Abyss    | Noticed a purple draconian annihilator
 88702 | Abyss    | Defeated a purple draconian annihilator
 88806 | Zot:1    | You pass through the gate.
 89585 | Zot:1    | Reached skill level 5 in Translocations
 90028 | Zot:2    | Reached XP level 27. HP: 137/226 MP: 36/36
 90481 | Zot:2    | Got a scintillating copper ring
 91453 | Zot:2    | Reached skill level 5 in Traps & Doors
 91685 | Zot:3    | Reached skill level 15 in Fighting
 92839 | D:17     | Bought a book of War Chants for 600 gold pieces
 92840 | D:17     | Bought a book of Control for 975 gold pieces
 93011 | D:10     | Bought Sif Muna's Handbook of Dislocated Enchantment for 980 gold pieces
 93087 | Lair:1   | Learned a level 3 spell: Berserker Rage
 93092 | Lair:1   | Learned a level 4 spell: Insulation
 93097 | Lair:1   | Learned a level 4 spell: Control Teleport
 93104 | Lair:1   | Learned a level 6 spell: Haste
 93107 | Lair:1   | Learned a level 2 spell: Repel Missiles
 93112 | Lair:1   | Learned a level 2 spell: Levitation
 94912 | Zot:4    | Identified the ring "Mnyf" {Int+3} (You found it on level 2 of the Realm of Zot)
 94965 | Zot:4    | Identified the ring of Creativity (You found it on level 8 of the Vaults)
 95163 | Zot:4    | You are cast into the Abyss!
 95163 | Zot:4    | Cast into the Abyss (a Zot trap)
 95424 | Abyss    | Noticed a flayed ghost
 95433 | Abyss    | Defeated a flayed ghost
 95500 | Abyss    | Noticed a queen ant simulacrum
 95595 | Abyss    | Noticed a toenail golem
 95603 | Abyss    | Defeated a toenail golem
 95627 | Abyss    | Gained mutation: Armour fits poorly on your unusually shaped body.
 95874 | Abyss    | Noticed a naga warrior
 95878 | Abyss    | Noticed a jelly
 96264 | Abyss    | Noticed a yellow draconian
 96282 | Abyss    | Defeated a yellow draconian
 96414 | Abyss    | Noticed a deep dwarf
 96414 | Abyss    | Noticed a deep dwarf
 96415 | Abyss    | Noticed a deep dwarf death knight
 96416 | Abyss    | Noticed a deep dwarf
 96416 | Abyss    | Noticed a deep dwarf necromancer
 96417 | Abyss    | Noticed a phantasmal warrior
 96417 | Abyss    | Noticed an elephant slug simulacrum
 96420 | Abyss    | Defeated a deep dwarf
 96421 | Abyss    | Noticed a deep dwarf
 96421 | Abyss    | Defeated a phantasmal warrior
 96430 | Abyss    | Defeated a deep dwarf
 96431 | Abyss    | Defeated a deep dwarf necromancer
 96432 | Abyss    | Defeated a deep dwarf
 96434 | Abyss    | Noticed a phantasmal warrior
 96438 | Abyss    | Defeated a phantasmal warrior
 96459 | Abyss    | Noticed a white ugly thing
 96471 | Abyss    | Noticed a white ugly thing
 96478 | Abyss    | Defeated a deep dwarf
 96480 | Abyss    | Defeated a white ugly thing
 96499 | Abyss    | Noticed a vampire
 96499 | Abyss    | Noticed a flayed ghost
 96499 | Abyss    | Noticed a flayed ghost
 96500 | Abyss    | Defeated a deep dwarf death knight
 96508 | Abyss    | Defeated a flayed ghost
 96514 | Abyss    | Defeated a flayed ghost
 96525 | Abyss    | Defeated a vampire
 96548 | Abyss    | Noticed a deep dwarf
 96557 | Abyss    | Defeated a deep dwarf
 96569 | Abyss    | Noticed a white ugly thing
 96581 | Abyss    | Defeated a white ugly thing
 96583 | Abyss    | Noticed a grey draconian
 96601 | Abyss    | Gained mutation: You are dopey (Int -1).
 96757 | Abyss    | Noticed a white ugly thing
 96761 | Abyss    | Noticed a white ugly thing
 96765 | Abyss    | Noticed a white ugly thing
 96767 | Abyss    | Noticed a white ugly thing
 96775 | Abyss    | Defeated a white ugly thing
 96784 | Abyss    | Defeated a red ugly thing
 96833 | Abyss    | Noticed a deep dwarf
 96840 | Abyss    | Noticed a deep dwarf artificer
 96844 | Abyss    | Defeated a deep dwarf
 96852 | Abyss    | Defeated a deep dwarf artificer
 96866 | Abyss    | Noticed a deep dwarf
 96872 | Abyss    | Defeated a deep dwarf
 97016 | Abyss    | Noticed a Daeva
 97042 | Abyss    | Defeated a Daeva
 97091 | Abyss    | Noticed a deep dwarf necromancer
 97097 | Abyss    | Noticed a vampire
 97098 | Abyss    | Defeated a deep dwarf necromancer
 97104 | Abyss    | Defeated a vampire
 97122 | Abyss    | Noticed a white ugly thing
 97136 | Abyss    | Defeated a white ugly thing
 97354 | Abyss    | Noticed an iron golem
 97364 | Abyss    | Defeated an iron golem
 97795 | Zot:4    | You pass through the gate.
100772 | Slime:1  | Entered Level 1 of the Pits of Slime
100904 | Slime:1  | Reached skill level 15 in Enchantments
101031 | Slime:1  | Gained mutation: You digest meat inefficiently.
101507 | D:4      | Bought a wand of digging (13) for 150 gold pieces
101886 | Slime:2  | Reached skill level 10 in Spellcasting
102975 | Slime:4  | You fall through a shaft!
102983 | Slime:4  | Found a blossoming altar of Fedhas.
102985 | Slime:4  | Gained mutation: Armour fits poorly on your deformed body.
103289 | Slime:5  | Gained mutation: Armour fits poorly on your badly deformed body.
103737 | Slime:6  | Entered Level 6 of the Pits of Slime
103767 | Slime:6  | Noticed Dissolution
103781 | Slime:6  | Defeated Dissolution
103864 | Slime:6  | Noticed the royal jelly
103892 | Slime:6  | Defeated the royal jelly
104743 | Slime:6  | Learned a level 4 spell: Flight
104761 | Slime:6  | Got a faintly glowing wooden ring
104798 | Slime:6  | Got a blackened book
104799 | Slime:6  | Identified Ytiant's Reference Book on the Glacier (You found it on level 6 of the Pits of Slime)
104845 | Slime:6  | Got a transparent glass ring
104888 | Slime:6  | Got a warped crystal amulet
104904 | Slime:6  | Got a slimy rune of Zot
106348 | Temple   | Fell from the grace of Makhleb
106348 | Temple   | Was placed under penance by Makhleb
106348 | Temple   | Became a worshipper of The Shining One
106894 | Crypt:1  | Entered Level 1 of the Crypt
106936 | Crypt:1  | Noticed Frederick
106958 | Crypt:1  | Defeated Frederick
107136 | Crypt:1  | Acquired The Shining One's first power
107587 | Crypt:2  | Acquired The Shining One's second power
107667 | Crypt:2  | Found an ancient bone altar of Kikubaaqudgha.
107805 | Crypt:2  | Found a staircase to the Tomb.
108316 | Crypt:3  | Found an ancient bone altar of Kikubaaqudgha.
108433 | Crypt:3  | Lost mutation: You are agile (Dex +1).
108473 | Crypt:3  | Gained mutation: You are frail (-10% HP).
108553 | Crypt:3  | Gained mutation: Your vision is a little blurry.
108653 | Crypt:3  | Gained mutation: Your body is slowly deteriorating.
108791 | Crypt:3  | Identified the ring of the Monkey's Uncle (You found it on level 6 of the Pits of Slime)
108791 | Crypt:3  | Identified the ring of Xom's Generosity (You found it on level 6 of the Pits of Slime)
108791 | Crypt:3  | Identified the amulet "Gunoeg" (You found it on level 6 of the Pits of Slime)
108896 | Crypt:3  | Acquired The Shining One's third power
109583 | Temple   | Fell from the grace of The Shining One
109583 | Temple   | Became a worshipper of Zin the Law-Giver
109583 | Temple   | Acquired Zin's first power
109584 | Temple   | Donated 3227 gold pieces to Zin
109585 | Temple   | Donated 1614 gold pieces to Zin
109586 | Temple   | Donated 807 gold pieces to Zin
109587 | Temple   | Donated 403 gold pieces to Zin
109588 | Temple   | Donated 202 gold pieces to Zin
109589 | Temple   | Donated 101 gold pieces to Zin
109590 | Temple   | Donated 50 gold pieces to Zin
109591 | Temple   | Donated 25 gold pieces to Zin
109592 | Temple   | Donated 13 gold pieces to Zin
109593 | Temple   | Donated 6 gold pieces to Zin
109594 | Temple   | Donated 3 gold pieces to Zin
109595 | Temple   | Donated 2 gold pieces to Zin
109599 | Temple   | Acquired Zin's second power
109722 | Temple   | Acquired Zin's third power
110048 | Temple   | Acquired Zin's fourth power
110355 | Temple   | Received a gift from Zin
110355 | Temple   | Lost mutation: Your vision is a little blurry.
110355 | Temple   | Lost mutation: Armour fits poorly on your badly deformed body.
110355 | Temple   | Lost mutation: Armour fits poorly on your deformed body.
110355 | Temple   | Lost mutation: Armour fits poorly on your unusually shaped body.
110355 | Temple   | Lost mutation: Your body is slowly deteriorating.
110355 | Temple   | Lost mutation: You are dopey (Int -1).
110355 | Temple   | Lost mutation: You digest meat inefficiently.
110355 | Temple   | Lost mutation: You have a fast metabolism.
110355 | Temple   | Lost mutation: You are frail (-10% HP).
110370 | Temple   | Fell from the grace of Zin
110370 | Temple   | Became a worshipper of The Shining One
112494 | Crypt:5  | Entered Level 5 of the Crypt
112589 | Crypt:5  | Acquired The Shining One's fourth power
112684 | Crypt:5  | Found a basalt altar of Yredelemnul.
112693 | Crypt:5  | Noticed a lich
112702 | Crypt:5  | Defeated a lich
112721 | Crypt:5  | Noticed a lich
112726 | Crypt:5  | Defeated a lich
113119 | Crypt:5  | Noticed a lich
113130 | Crypt:5  | Defeated a lich
114004 | Crypt:5  | Got a levitating book
114005 | Crypt:5  | Identified the Almanac of Evil Enchantment (You found it on level 5 of the Crypt)
114968 | Tomb:1   | Entered Level 1 of the Tomb of the Ancients
116287 | Slime:6  | Learned a level 5 spell: Silence
117663 | Tomb:2   | Noticed Khufu
117726 | Tomb:2   | Defeated Khufu
118979 | Tomb:3   | Entered Level 3 of the Tomb of the Ancients
119220 | Tomb:3   | Gained mutation: Your muscles are strong, but stiff (Str +1, Dex -1).
119344 | Tomb:2   | Reached skill level 10 in Translocations
119831 | Tomb:3   | Got a droning book
119831 | Tomb:3   | Got an antique book
119831 | Tomb:3   | Got a conspicuous book
119831 | Tomb:3   | Got a blackened book
119834 | Tomb:3   | Identified the Guide on Gliding Attacks (You found it on level 3 of the Tomb of the Ancients)
119835 | Tomb:3   | Identified the Almanac of the Entourage and Contamination (You found it on level 3 of the Tomb of the Ancients)
119837 | Tomb:3   | Identified the Volume of Attacks (You found it on level 3 of the Tomb of the Ancients)
119838 | Tomb:3   | Identified the Incunabulum of the Enchanting Traveller (You found it on level 3 of the Tomb of the Ancients)
119965 | Tomb:3   | Got a flickering marble ring
119976 | Tomb:3   | Identified the cursed ring "Pretian" (You found it on level 3 of the Tomb of the Ancients)
120049 | Tomb:3   | Got a blackened book
120052 | Tomb:3   | Identified the Volume of Flying Summoning (You found it on level 3 of the Tomb of the Ancients)
120055 | Tomb:3   | Learned a level 1 spell: Summon Butterflies
120073 | Tomb:3   | Identified a +0 orcish cloak of preservation (You found it on level 3 of the Tomb of the Ancients)
120115 | Tomb:3   | Got a golden rune of Zot
120993 | D:10     | Reached skill level 1 in Summonings
121064 | Lair:1   | Learned a level 3 spell: Abjuration
121399 | Hell     | Entered the Vestibule of Hell
121399 | Hell     | Noticed Geryon
121426 | D:21     | Defeated Geryon
121470 | Hell     | Found a gateway to Gehenna.
121472 | Hell     | Noticed a runed glaive
121475 | Hell     | Defeated a runed glaive
121664 | Hell     | Gained mutation: You are clumsy (Dex -1).
121750 | Hell     | Found a gateway to the Iron City of Dis.
122240 | Hell     | Found a gateway to the freezing wastes of Cocytus.
122718 | Hell     | Found a gateway to the decaying netherworld of Tartarus.
123230 | Lair:1   | Learned a level 5 spell: Phase Shift
123650 | Pan      | Entered Pandemonium
123693 | Pan      | Noticed Guzufri the pandemonium lord
123706 | Pan      | Defeated Guzufri the pandemonium lord
123922 | Pan      | Reached skill level 5 in Summonings
124212 | Pan      | Noticed Schoaromm the pandemonium lord
124230 | Pan      | Defeated Schoaromm the pandemonium lord
124904 | Pan      | Noticed Jena the pandemonium lord
124917 | Pan      | Defeated Jena the pandemonium lord
125536 | Pan      | Reached skill level 10 in Traps & Doors
125540 | Pan      | Got a demonic rune of Zot
125944 | Pan      | Got a smoking silver ring
125945 | Pan      | Identified the ring of Anenieq (You found it in Pandemonium)
126131 | Pan      | Noticed Cajuba the pandemonium lord
126143 | Pan      | Defeated Cajuba the pandemonium lord
126316 | Pan      | Noticed Shomag the pandemonium lord
126329 | Pan      | Defeated Shomag the pandemonium lord
126438 | Pan      | Gained mutation: You tend to lose your temper in combat.
126717 | Pan      | Noticed Puiza the pandemonium lord
126727 | Pan      | Defeated Puiza the pandemonium lord
127289 | Pan      | Noticed Qyets the pandemonium lord
127302 | Pan      | Defeated Qyets the pandemonium lord
127870 | Pan      | Noticed Sut Uwku the pandemonium lord
127880 | Pan      | Defeated Sut Uwku the pandemonium lord
127894 | Pan      | Got a demonic rune of Zot
128905 | Pan      | Noticed Mnoleg
128924 | Pan      | Got a glowing rune of Zot
129042 | Pan      | Defeated Mnoleg
129442 | Pan      | Noticed Cerebov
129495 | Pan      | Defeated Cerebov
129542 | Pan      | Got a great serpentine sword
129870 | Pan      | Got a fiery rune of Zot
130759 | D:22     | You pass through the gate.
131732 | Pan      | Found a gateway to a ziggurat.
131820 | Pan      | Got a demonic rune of Zot
131823 | Pan      | Noticed Idwurph the pandemonium lord
131829 | Pan      | Defeated Idwurph the pandemonium lord
131898 | Pan      | Gained mutation: You occasionally shout uncontrollably.
131921 | Pan      | Gained mutation: Armour fits poorly on your unusually shaped body.
132379 | Pan      | Gained mutation: Your body is slowly deteriorating.
132389 | Pan      | Gained mutation: You have a slow metabolism.
132393 | Pan      | Noticed Lom Lobon
132419 | Pan      | Defeated Lom Lobon
132488 | Pan      | Got a magical rune of Zot
132519 | Pan      | Got a droning book
132520 | Pan      | Identified the Incunabulum of Hurtful Poison (You found it in Pandemonium)
132825 | Pan      | Gained mutation: You are partially covered in colourless scales (AC +1).
132882 | Pan      | Was forgiven by Makhleb
132895 | Pan      | Noticed Cliukell the pandemonium lord
132898 | Pan      | Gained mutation: Armour fits poorly on your deformed body.
132912 | Pan      | Defeated Cliukell the pandemonium lord
134679 | Pan      | Noticed Blucwasac the pandemonium lord
134679 | Pan      | Gained mutation: You are weak (Str -1).
134690 | Pan      | Defeated Blucwasac the pandemonium lord
134869 | Pan      | Reached skill level 10 in Summonings
135284 | Pan      | Noticed Gloorx Vloq
135317 | Pan      | Defeated Gloorx Vloq
135421 | Pan      | Got a dark rune of Zot
136213 | Pan      | Reached skill level 15 in Translocations
136617 | Pan      | Noticed Wuaqyoru the pandemonium lord
136630 | Pan      | Defeated Wuaqyoru the pandemonium lord
136648 | Pan      | Lost mutation: You are partially covered in colourless scales (AC +1).
136648 | Pan      | Lost mutation: Your muscles are strong, but stiff (Str +1, Dex -1).
136648 | Pan      | Lost mutation: You have a slow metabolism.
136808 | Pan      | Noticed Triatuops the pandemonium lord
136821 | Pan      | Defeated Triatuops the pandemonium lord
137834 | Pan      | Noticed Suen the pandemonium lord
137850 | Pan      | Defeated Suen the pandemonium lord
137850 | Pan      | Gained mutation: Armour fits poorly on your badly deformed body.
137915 | Pan      | Got a demonic rune of Zot
137963 | Pan      | Reached skill level 10 in Air Magic
138376 | Pan      | Lost mutation: Your body is slowly deteriorating.
138616 | Pan      | Gained mutation: Your body is slowly deteriorating.
138643 | Pan      | Noticed Morphoih the pandemonium lord
138658 | Pan      | Defeated Morphoih the pandemonium lord
138903 | D:22     | You pass through the gate.
140062 | Pan      | Noticed Owusol the pandemonium lord
140073 | Pan      | Defeated Owusol the pandemonium lord
140227 | Pan      | Gained mutation: You sometimes yell uncontrollably.
141018 | Pan      | Noticed Locrud the pandemonium lord
141036 | Pan      | Defeated Locrud the pandemonium lord
141636 | Pan      | Got a brightly glowing lead ring
141637 | Pan      | Identified the ring "Turicuj" (You found it in Pandemonium)
141774 | Pan      | Noticed Gutiazi the pandemonium lord
141793 | Pan      | Defeated Gutiazi the pandemonium lord
141974 | Pan      | Found a gateway to a ziggurat.
142037 | Pan      | Reached skill level 27 in Axes
142166 | Pan      | You paid a toll of 4510 gold to enter a ziggurat.
142166 | Zig:1    | Entered level 1 of a ziggurat
142169 | Zig:1    | Gained mutation: You have a beak for a mouth.
142225 | Zig:2    | Entered level 2 of a ziggurat
142247 | Zig:2    | Got a wavering lead ring
142252 | Zig:3    | Entered level 3 of a ziggurat
142283 | Zig:4    | Entered level 4 of a ziggurat
142327 | Zig:4    | Identified the ring of the Spinneret (You found it on level 2 of a ziggurat)
142350 | Zig:5    | Entered level 5 of a ziggurat
142416 | Zig:6    | Entered level 6 of a ziggurat
142654 | Zig:7    | Entered level 7 of a ziggurat
142724 | Zig:7    | Got a glittering granite ring
142730 | Zig:7    | Got a bloodstained plate mail
142732 | Zig:8    | Entered level 8 of a ziggurat
142805 | Zig:8    | Identified the ring "Mughoci" (You found it on level 7 of a ziggurat)
142814 | Zig:9    | Entered level 9 of a ziggurat
142896 | Zig:9    | Got a sparkling glass ring
142910 | Zig:9    | Got a vibrating ivory ring
142911 | Zig:9    | Identified the ring "Kiobevoju" (You found it on level 9 of a ziggurat)
142917 | Zig:10   | Entered level 10 of a ziggurat
142927 | Zig:10   | Noticed Shrus the pandemonium lord
142940 | Zig:10   | Defeated Shrus the pandemonium lord
143001 | Zig:10   | Got a transparent ruby amulet
143005 | Zig:10   | Got an ancient lead amulet
143015 | Zig:11   | Entered level 11 of a ziggurat
143055 | Zig:11   | Reached skill level 1 in Unarmed Combat
143160 | Zig:11   | Lost mutation: You sometimes yell uncontrollably.
143160 | Zig:11   | Lost mutation: Your body is slowly deteriorating.
143160 | Zig:11   | Lost mutation: You tend to lose your temper in combat.
143160 | Zig:11   | Lost mutation: You are weak (Str -1).
143296 | Zig:12   | Entered level 12 of a ziggurat
143608 | Zig:13   | Entered level 13 of a ziggurat
143657 | Zig:14   | Entered level 14 of a ziggurat
144016 | Zig:14   | Identified the amulet "Unnued" (You found it on level 10 of a ziggurat)
144034 | Zig:15   | Entered level 15 of a ziggurat
144282 | Zig:15   | Lost mutation: Armour fits poorly on your badly deformed body.
144282 | Zig:15   | Lost mutation: You are clumsy (Dex -1).
144282 | Zig:15   | Lost mutation: Armour fits poorly on your deformed body.
144282 | Zig:15   | Lost mutation: You occasionally shout uncontrollably.
144305 | Zig:16   | Entered level 16 of a ziggurat
144490 | Zig:16   | Got a sparkling silver ring
144521 | Zig:17   | Entered level 17 of a ziggurat
144872 | Zig:17   | Identified the amulet of the Garden (You found it on level 10 of a ziggurat)
144872 | Zig:17   | Identified the ring of Houskec (You found it on level 16 of a ziggurat)
144872 | Zig:17   | Identified the cursed ring of Isasakek (You found it on level 9 of a ziggurat)
145009 | Zig:18   | Entered level 18 of a ziggurat
145280 | Zig:18   | Got a warped lead ring
145328 | Zig:19   | Entered level 19 of a ziggurat
145451 | Zig:19   | Temoid: your game looks like acidrobin on crack and speed
145451 | Zig:19   | :D
145539 | Zig:19   | Gained mutation: You are clumsy (Dex -1).
145788 | Zig:19   | Got a graven book
145789 | Zig:19   | Identified Hankeaci's Tome of Bewitching Evil (You found it on level 19 of a ziggurat)
145796 | Zig:19   | Got a droning book
145797 | Zig:19   | Identified the Disquisition on Icy Translocation (You found it on level 19 of a ziggurat)
145811 | Zig:19   | Got a graven book
145815 | Zig:19   | Identified Nikola's Collected Works on Flight (You found it on level 19 of a ziggurat)
145820 | Zig:19   | Learned a level 4 spell: Airstrike
145840 | Zig:20   | Entered level 20 of a ziggurat
146042 | Zig:20   | Got a pitted tin ring
146110 | Zig:21   | Entered level 21 of a ziggurat
146200 | Zig:21   | Noticed Deck the pandemonium lord
146231 | Zig:21   | Gained mutation: Your vision is a little blurry.
146233 | Zig:21   | Defeated Deck the pandemonium lord
146272 | Zig:21   | Reached skill level 27 in Invocations
146338 | Zig:21   | Lost mutation: You are clumsy (Dex -1).
146338 | Zig:21   | Lost mutation: You have a beak for a mouth.
146338 | Zig:21   | Lost mutation: Your vision is a little blurry.
146349 | Zig:21   | Lost mutation: Armour fits poorly on your unusually shaped body.
146399 | Zig:21   | Got a slimy copper ring
146593 | Zig:22   | Entered level 22 of a ziggurat
146772 | Zig:22   | Identified the ring "Ynab Oba" (You found it on level 21 of a ziggurat)
147094 | Zig:23   | Entered level 23 of a ziggurat
147138 | Zig:23   | Noticed an ancient lich
147139 | Zig:23   | Noticed an ancient lich
147148 | Zig:23   | Noticed an ancient lich
147149 | Zig:23   | Noticed an ancient lich
147149 | Zig:23   | Noticed an ancient lich
147149 | Zig:23   | Noticed an ancient lich
147157 | Zig:23   | Noticed an ancient lich
147162 | Zig:23   | Defeated an ancient lich
147168 | Zig:23   | Noticed an ancient lich
147172 | Zig:23   | Defeated an ancient lich
147173 | Zig:23   | Defeated an ancient lich
147195 | Zig:23   | Defeated an ancient lich
147200 | Zig:23   | Reached skill level 1 in Shields
147201 | Zig:23   | Noticed an ancient lich
147215 | Zig:23   | Defeated an ancient lich
147220 | Zig:23   | Defeated an ancient lich
147228 | Zig:23   | Defeated an ancient lich
147229 | Zig:23   | Defeated an ancient lich
147234 | Zig:23   | Defeated an ancient lich
147242 | Zig:23   | Reached skill level 15 in Spellcasting
147320 | Zig:23   | Got a wavering lapis lazuli ring
147324 | Zig:23   | Got a wavering crystal amulet
147329 | Zig:23   | Got a sparkling ivory ring
147822 | Pan      | Noticed Teffysai the pandemonium lord
147832 | Pan      | Defeated Teffysai the pandemonium lord
148239 | Pan      | Noticed Treiwasae the pandemonium lord
148265 | Pan      | Defeated Treiwasae the pandemonium lord
149091 | Pan      | Noticed Qiymuirghu the pandemonium lord
149101 | Pan      | Defeated Qiymuirghu the pandemonium lord
149703 | Pan      | Noticed Plehub the pandemonium lord
149716 | Pan      | Defeated Plehub the pandemonium lord
150315 | Pan      | Noticed Veimyof the pandemonium lord
150325 | Pan      | Defeated Veimyof the pandemonium lord
150738 | Pan      | Noticed Woikorri the pandemonium lord
150756 | Pan      | Defeated Woikorri the pandemonium lord
151395 | Pan      | Noticed Omomeucu the pandemonium lord
151408 | Pan      | Defeated Omomeucu the pandemonium lord
151964 | Pan      | Noticed Keuwn the pandemonium lord
152177 | Pan      | Defeated Keuwn the pandemonium lord
152441 | Pan      | Identified the ring "Leylywk" (You found it on level 18 of a ziggurat)
152445 | Pan      | Noticed Psa Rot the pandemonium lord
152456 | Pan      | Defeated Psa Rot the pandemonium lord
152495 | Pan      | Identified the ring "Trexipn" (You found it on level 23 of a ziggurat)
153266 | Pan      | Noticed Ohuxzole the pandemonium lord
153275 | Pan      | Defeated Ohuxzole the pandemonium lord
153547 | Pan      | Reached skill level 27 in Armour
153693 | D:22     | You pass through the gate.
154107 | Lair:1   | Identified the ring of Greater Demons (You found it on level 20 of a ziggurat)
154111 | D:10     | Identified the amulet "Schud" (You found it on level 23 of a ziggurat)
154113 | D:10     | Identified the ring of Groump (You found it on level 23 of a ziggurat)
154813 | Temple   | Fell from the grace of The Shining One
154813 | Temple   | Was placed under penance by The Shining One
154813 | Temple   | Became a worshipper of Ashenzari the Shackled
156198 | D:13     | Noticed a queen bee
156203 | D:13     | Defeated a queen bee
157043 | Hive:1   | Entered Level 1 of the Hive
157229 | Hive:1   | Found a labyrinth entrance.
157238 | Lab      | Entered a Labyrinth
157248 | Lab      | hyperbolic: why did you go ash? won't healing be annoying?
157248 | Lab      | just trying it to reskill a bit
157248 | Lab      | then i'll go makhleb
157420 | Lab      | Got a black book
157421 | Lab      | Identified Erolcha's Reference Book on Cloudy Combat Magic (You found it in a Labyrinth)
157653 | Hive:2   | Entered Level 2 of the Hive
157772 | Hive:2   | Acquired Ashenzari's first power
158707 | Hive:1   | Acquired Ashenzari's second power
159375 | D:10     | Learned a level 7 spell: Controlled Blink
160837 | Abyss    | Noticed a deep dwarf artificer
160841 | Abyss    | Defeated a deep dwarf artificer
160842 | Abyss    | Noticed a deep dwarf necromancer
160853 | Abyss    | Defeated a deep dwarf necromancer
160901 | Abyss    | Acquired Ashenzari's third power
160902 | Abyss    | Noticed a black draconian
160909 | Abyss    | Defeated a black draconian
160992 | Abyss    | Noticed a golden dragon simulacrum
160996 | Abyss    | Defeated a golden dragon simulacrum
160997 | Abyss    | Noticed a red draconian
161007 | Abyss    | Defeated a red draconian
161099 | Abyss    | Acquired Ashenzari's fourth power
162004 | Abyss    | Reduced skill Dodging to level 1
162009 | Abyss    | Noticed an iron golem
162022 | Abyss    | Defeated an iron golem
162048 | Abyss    | Reached skill level 15 in Air Magic
162862 | Abyss    | Noticed a red ugly thing
162864 | Abyss    | Noticed a red ugly thing
162865 | Abyss    | Defeated a red ugly thing
162865 | Abyss    | Reduced skill Unarmed Combat to level 1
162874 | Abyss    | Defeated a red ugly thing
162884 | Abyss    | Noticed a red ugly thing
163332 | Abyss    | Noticed a green draconian zealot
163343 | Abyss    | Defeated a green draconian zealot
163449 | Abyss    | Identified an abyssal rune of Zot (You found it in the Abyss)
163482 | D:25     | You pass through the gate.
167866 | Abyss    | Noticed an eye of devastation
167884 | Abyss    | Defeated an eye of devastation
167895 | Abyss    | Noticed a green ugly thing
167901 | Abyss    | Defeated a green ugly thing
167970 | Abyss    | Reduced skill Stabbing to level 1
168328 | Abyss    | Noticed a hell knight
168329 | Abyss    | Noticed a necromancer
168330 | Abyss    | Noticed a hell knight
168330 | Abyss    | Noticed a necromancer
168333 | Abyss    | Noticed a hell knight
168333 | Abyss    | Defeated a hell knight
168335 | Abyss    | Noticed a hell knight
168341 | Abyss    | Defeated a necromancer
168344 | Abyss    | Defeated a hell knight
168350 | Abyss    | Noticed a necromancer
168351 | Abyss    | Defeated a necromancer
168352 | Abyss    | Defeated a hell knight
168356 | Abyss    | Defeated a necromancer
168385 | Abyss    | Defeated a hell knight
168399 | Abyss    | Noticed a tormentor
168407 | Abyss    | Defeated a tormentor
168417 | Abyss    | Noticed a naga warrior
168437 | Abyss    | Defeated a naga warrior
168496 | Abyss    | Noticed a hell knight
168509 | Abyss    | Defeated a hell knight
168792 | Abyss    | Noticed a deep dwarf necromancer
168799 | Abyss    | Defeated a deep dwarf necromancer
169522 | Abyss    | Noticed a deep dwarf necromancer
169528 | Abyss    | Defeated a deep dwarf necromancer
169824 | Abyss    | Noticed an ancient lich
169846 | Abyss    | Defeated an ancient lich
170153 | Abyss    | Noticed an eye of devastation
170168 | Abyss    | Defeated an eye of devastation
170190 | Abyss    | Noticed a hellephant
170203 | Abyss    | Defeated a hellephant
170209 | Abyss    | Noticed a necromancer
170216 | Abyss    | Defeated a necromancer
170223 | Abyss    | Noticed a deep dwarf necromancer
170228 | Abyss    | Defeated a deep dwarf necromancer
170437 | Abyss    | Noticed a green draconian shifter
170445 | Abyss    | Defeated a green draconian shifter
170763 | Abyss    | Noticed a red draconian scorcher
170771 | Abyss    | Defeated a red draconian scorcher
170852 | Abyss    | Noticed a white draconian
170929 | Abyss    | Noticed a cyan ugly thing
170932 | Abyss    | Noticed a cyan ugly thing
170938 | Abyss    | Noticed a cyan ugly thing
170942 | Abyss    | Defeated a cyan ugly thing
170946 | Abyss    | Noticed a cyan ugly thing
170948 | Abyss    | Defeated a cyan ugly thing
170958 | Abyss    | Defeated a cyan ugly thing
171494 | Abyss    | Noticed a red draconian simulacrum
171511 | Abyss    | Defeated a red draconian simulacrum
171677 | Abyss    | Gained mutation: Armour fits poorly on your unusually shaped body.
171860 | Abyss    | Noticed an iron devil
171865 | Abyss    | Defeated an iron devil
172280 | Abyss    | Noticed a deep dwarf berserker
172286 | Abyss    | Defeated a deep dwarf berserker
172339 | Abyss    | Noticed an ice beast
172344 | Abyss    | Defeated an ice beast
172381 | Abyss    | Noticed a red draconian
172392 | Abyss    | Defeated a red draconian
172408 | Abyss    | Reached skill level 1 in Evocations
172415 | Abyss    | Noticed a hell knight
172415 | Abyss    | Noticed a hell knight
172415 | Abyss    | Noticed a hell knight
172419 | Abyss    | Noticed a necromancer
172420 | Abyss    | Noticed a hell knight
172421 | Abyss    | Defeated a hell knight
172425 | Abyss    | Defeated a necromancer
172431 | Abyss    | Defeated a hell knight
172437 | Abyss    | Defeated a hell knight
172442 | Abyss    | Defeated a hell knight
172914 | Abyss    | Noticed a grey draconian
173092 | Abyss    | Noticed a jelly
173096 | Abyss    | Defeated a jelly
173225 | Abyss    | Noticed a Daeva
173240 | Abyss    | Defeated a Daeva
173305 | D:25     | You pass through the gate.
174188 | Blade    | Entered the Hall of Blades
175632 | Blade    | Reduced skill Invocations to level 15
176826 | Lair:1   | Lost mutation: Armour fits poorly on your unusually shaped body.
177965 | Abyss    | Noticed a grey draconian knight
177982 | Abyss    | Defeated a grey draconian knight
178030 | Abyss    | Noticed a wood golem
178039 | Abyss    | Defeated a wood golem
178073 | Abyss    | Noticed a tentacled monstrosity
178081 | Abyss    | Defeated a tentacled monstrosity
178108 | Abyss    | Noticed an ancient lich
178120 | Abyss    | Defeated an ancient lich
178161 | Abyss    | Noticed an eye of devastation
178169 | Abyss    | Defeated an eye of devastation
178927 | Abyss    | Noticed a black draconian shifter
178939 | Abyss    | Defeated a black draconian shifter
178974 | Abyss    | Noticed a white ugly thing
178984 | Abyss    | Defeated a white ugly thing
179149 | Abyss    | Noticed an eidolon
179150 | Abyss    | Defeated an eidolon
179340 | Abyss    | Noticed a necromancer
179343 | Abyss    | Defeated a necromancer
179346 | Abyss    | Noticed a tormentor
179350 | Abyss    | Defeated a tormentor
179352 | Abyss    | Noticed a hell knight
179357 | Abyss    | Defeated a hell knight
179557 | Abyss    | Noticed a silent spectre
179564 | Abyss    | Defeated a silent spectre
179974 | Abyss    | Defeated a jelly
180219 | Abyss    | Noticed a hellephant
180250 | Abyss    | Noticed a jelly
180252 | Abyss    | Defeated a jelly
180314 | Abyss    | Noticed a fire elemental
180314 | Abyss    | Defeated a fire elemental
180321 | Abyss    | Noticed a yellow draconian annihilator
180333 | Abyss    | Defeated a yellow draconian annihilator
180379 | Abyss    | Noticed a spiny worm
180393 | Abyss    | Noticed a deep dwarf
180394 | Abyss    | Defeated a spiny worm
180395 | Abyss    | Noticed a deep dwarf necromancer
180396 | Abyss    | Noticed a deep dwarf
180398 | Abyss    | Noticed a deep dwarf artificer
180399 | Abyss    | Defeated a deep dwarf
180402 | Abyss    | Defeated a deep dwarf necromancer
180406 | Abyss    | Defeated a deep dwarf
180407 | Abyss    | Defeated a deep dwarf artificer
180437 | Abyss    | Reduced skill Invocations to level 10
180440 | Abyss    | Noticed a deep dwarf
180443 | Abyss    | Defeated a deep dwarf
180544 | Abyss    | Noticed an iron devil
180548 | Abyss    | Defeated an iron devil
181163 | Abyss    | Noticed a wood golem
181167 | Abyss    | Noticed a green draconian
181169 | Abyss    | Defeated a wood golem
181180 | Abyss    | Defeated a green draconian
181216 | Abyss    | Noticed a red ugly thing
181224 | Abyss    | Defeated a red ugly thing
181228 | Abyss    | Noticed a shining eye
181236 | Abyss    | Defeated a shining eye
181316 | Abyss    | Noticed a jelly
181320 | Abyss    | Defeated a jelly
181588 | Abyss    | Reached skill level 27 in Air Magic
181737 | Abyss    | Noticed a deep dwarf berserker
181743 | Abyss    | Defeated a deep dwarf berserker
181751 | Abyss    | Noticed a deep dwarf death knight
181751 | Abyss    | Noticed a phantasmal warrior
181755 | Abyss    | Noticed a phantasmal warrior
181761 | Abyss    | Defeated a deep dwarf death knight
181761 | Abyss    | Reduced skill Invocations to level 5
181831 | Abyss    | Reduced skill Invocations to level 1
182061 | Abyss    | Noticed a death drake
182073 | Abyss    | Defeated a death drake
182236 | Abyss    | Noticed a grey draconian shifter
182243 | Abyss    | Defeated a grey draconian shifter
182321 | Abyss    | Noticed a deep dwarf
182326 | D:25     | You pass through the gate.
182826 | D:8      | Fell from the grace of Ashenzari
182826 | D:8      | Was placed under penance by Ashenzari
182826 | D:8      | Became a worshipper of Makhleb the Destroyer
182838 | D:8      | Learned a level 9 spell: Tornado
184506 | Pan      | Got a pair of dazzling boots
184729 | Pan      | Identified the cursed -1 pair of boots of Modesty (You found it in Pandemonium)
185572 | Pan      | Noticed Triteof the pandemonium lord
185592 | Pan      | Defeated Triteof the pandemonium lord
186398 | Pan      | Noticed Smu Stru the pandemonium lord
186404 | Pan      | Defeated Smu Stru the pandemonium lord
187154 | Pan      | Noticed Wiyddiuh the pandemonium lord
187228 | Pan      | Defeated Wiyddiuh the pandemonium lord
188280 | Pan      | Found a one-way gate to the infinite horrors of the Abyss.
188281 | Pan      | Found a one-way gate to the infinite horrors of the Abyss.
188703 | Pan      | Noticed Pyoxziraq the pandemonium lord
188756 | Pan      | Defeated Pyoxziraq the pandemonium lord
188985 | Pan      | Found a gateway to a ziggurat.
188999 | Pan      | You paid a toll of 3910 gold to enter a ziggurat.
188999 | Zig:1    | Entered level 1 of a ziggurat
189020 | Zig:2    | Entered level 2 of a ziggurat
189139 | Zig:3    | Entered level 3 of a ziggurat
189166 | Zig:4    | Entered level 4 of a ziggurat
189409 | Zig:5    | Entered level 5 of a ziggurat
189482 | Zig:5    | Got a black crossbow
189483 | Zig:5    | Identified the crossbow "Sniper" {venom, SInv} (You found it on level 5 of a ziggurat)
189619 | Zig:6    | Entered level 6 of a ziggurat
189622 | Zig:6    | Noticed an ancient lich
189623 | Zig:6    | Noticed an ancient lich
189630 | Zig:6    | Defeated an ancient lich
189632 | Zig:6    | Defeated an ancient lich
189647 | Zig:6    | Got a brightly glowing ivory ring
189697 | Zig:7    | Entered level 7 of a ziggurat
189746 | Zig:7    | Got an ancient iron ring
189748 | Zig:7    | Identified the ring of Prijaw (You found it on level 6 of a ziggurat)
189750 | Zig:7    | Identified the ring of Darkness (You found it on level 7 of a ziggurat)
189843 | Zig:8    | Entered level 8 of a ziggurat
189899 | Zig:9    | Entered level 9 of a ziggurat
189943 | Zig:10   | Entered level 10 of a ziggurat
189983 | Zig:11   | Entered level 11 of a ziggurat
190106 | Zig:11   | Got an antique book
190108 | Zig:11   | Identified Keclith's Disquisition on Transformation (You found it on level 11 of a ziggurat)
190133 | Zig:12   | Entered level 12 of a ziggurat
190182 | Zig:12   | Got a colourful book
190184 | Zig:12   | Identified the Tome of Blistering Confrontation (You found it on level 12 of a ziggurat)
190207 | Zig:13   | Entered level 13 of a ziggurat
190265 | Zig:13   | Got a conspicuous book
190266 | Zig:13   | Identified the Grimoire of Feathers (You found it on level 13 of a ziggurat)
190273 | Zig:13   | Got a twisted cloak
190285 | Zig:13   | Identified the +3 cloak of the Fisher (You found it on level 13 of a ziggurat)
190305 | Zig:14   | Entered level 14 of a ziggurat
190769 | Zig:14   | Got a droning book
190770 | Zig:14   | Identified the Almanac of the Jolly Nights (You found it on level 14 of a ziggurat)
190782 | Zig:14   | Got a shield-shaped amulet
190799 | Zig:14   | Got a steaming steel amulet
190824 | Zig:15   | Entered level 15 of a ziggurat
190959 | Zig:15   | Got a fine lead ring
190980 | Zig:16   | Entered level 16 of a ziggurat
191048 | Zig:16   | Got a smoking steel amulet
191056 | Zig:16   | Got a rare book
191059 | Zig:16   | Identified the Handbook of Floating Bewitchment (You found it on level 16 of a ziggurat)
191068 | Zig:16   | Learned a level 6 spell: Deflect Missiles
191080 | Zig:16   | Got an ancient amethyst amulet
191087 | Zig:16   | Got a glistering book
191088 | Zig:16   | Identified Peta's Disquisition on Fire (You found it on level 16 of a ziggurat)
191182 | Zig:17   | Entered level 17 of a ziggurat
191283 | Zig:17   | Got a jade ring
191300 | Zig:18   | Entered level 18 of a ziggurat
191651 | Zig:19   | Entered level 19 of a ziggurat
191965 | Zig:19   | Identified the cursed amulet of Phim (You found it on level 14 of a ziggurat)
192115 | Zig:20   | Entered level 20 of a ziggurat
192205 | Zig:20   | Identified the cursed amulet of Qiubuoch (You found it on level 16 of a ziggurat)
192205 | Zig:20   | Identified the cursed amulet of the Orange Skies (You found it on level 16 of a ziggurat)
192205 | Zig:20   | Identified the cursed ring of the Townfolk (You found it on level 15 of a ziggurat)
192227 | Zig:20   | Identified the cursed ring of Shaolin (You found it on level 17 of a ziggurat)
192228 | Zig:20   | Identified the cursed brooch of Shielding (You found it on level 14 of a ziggurat)
192296 | Zig:21   | Entered level 21 of a ziggurat
192309 | Zig:21   | Noticed an ancient lich
192310 | Zig:21   | Noticed an ancient lich
192310 | Zig:21   | Noticed an ancient lich
192310 | Zig:21   | Noticed an ancient lich
192311 | Zig:21   | Noticed an ancient lich
192312 | Zig:21   | Defeated an ancient lich
192312 | Zig:21   | Defeated an ancient lich
192312 | Zig:21   | Defeated an ancient lich
192313 | Zig:21   | Noticed an ancient lich
192313 | Zig:21   | Defeated an ancient lich
192315 | Zig:21   | Defeated an ancient lich
192317 | Zig:21   | Noticed an ancient lich
192317 | Zig:21   | Defeated an ancient lich
192321 | Zig:21   | Defeated an ancient lich
192573 | Zig:21   | Got a glittering tin amulet
192573 | Zig:21   | Got a warped wooden ring
192601 | Zig:22   | Entered level 22 of a ziggurat
192805 | Zig:22   | Got a glittering tin ring
192805 | Zig:22   | Got a vibrating bronze ring
192806 | Zig:22   | Identified the amulet "Moash" (You found it on level 21 of a ziggurat)
192953 | Zig:23   | Entered level 23 of a ziggurat
192978 | Zig:23   | Reached skill level 27 in Fighting
193058 | Zig:23   | Got a heavily runed lead amulet
193178 | Zig:24   | Entered level 24 of a ziggurat
193797 | Zig:24   | Identified the amulet "Plakla" (You found it on level 23 of a ziggurat)
193801 | Zig:25   | Entered level 25 of a ziggurat
193938 | Zig:25   | Reached skill level 15 in Traps & Doors
194199 | Zig:25   | Got a heavily runed cloak
194203 | Zig:25   | Identified the cursed +2 cloak "Gotiv" (You found it on level 25 of a ziggurat)
194258 | Zig:25   | xyblor: I love apportstorm
194258 | Zig:25   | best spell
194397 | Zig:26   | Entered level 26 of a ziggurat
194411 | Zig:26   | Noticed an ancient lich
194415 | Zig:26   | Noticed an ancient lich
194416 | Zig:26   | Defeated an ancient lich
194417 | Zig:26   | Noticed an ancient lich
194419 | Zig:26   | Defeated an ancient lich
194419 | Zig:26   | Noticed an ancient lich
194419 | Zig:26   | Noticed an ancient lich
194424 | Zig:26   | Defeated an ancient lich
194425 | Zig:26   | Defeated an ancient lich
194425 | Zig:26   | Defeated an ancient lich
194425 | Zig:26   | Noticed an ancient lich
194429 | Zig:26   | Noticed an ancient lich
194431 | Zig:26   | Defeated an ancient lich
194432 | Zig:26   | Defeated an ancient lich
194508 | Zig:26   | Gained mutation: You are dopey (Int -1).
194509 | Zig:26   | Lost mutation: You are dopey (Int -1).
194780 | Zig:26   | Got a twitching graven amulet
194980 | Zig:27   | Entered level 27 of a ziggurat
195181 | Zig:27   | Got a pair of warped boots
195181 | Zig:27   | Got a scintillating tin ring
195336 | Zig:27   | Identified the cursed -5 pair of boots of Klofoepsa (You found it on level 27 of a ziggurat)
195396 | Pan      | xyblor: what does rump-fed mean?
195396 | Pan      | uh, no idea
195487 | Pan      | Identified the amulet of the Five Orbs (You found it on level 26 of a ziggurat)
195555 | Pan      | Identified the ring of the Amoeba (You found it on level 21 of a ziggurat)
196139 | Pan      | Gained mutation: You are clumsy (Dex -1).
196159 | Pan      | Gained mutation: Your vision is a little blurry.
196207 | Pan      | Noticed Smuogoy the pandemonium lord
196211 | Pan      | Defeated Smuogoy the pandemonium lord
196279 | Pan      | Gained mutation: Your vision is quite blurry.
196285 | Pan      | You are cast into the Abyss!
196285 | Pan      | Cast into the Abyss (distortion unwield)
196324 | Abyss    | Lost mutation: Your vision is quite blurry.
196324 | Abyss    | Lost mutation: You are clumsy (Dex -1).
196324 | Abyss    | Lost mutation: Your vision is a little blurry.
196479 | Abyss    | Noticed a mottled draconian
196491 | Abyss    | Defeated a mottled draconian
196510 | Abyss    | Noticed a deep dwarf necromancer
196519 | Abyss    | Defeated a deep dwarf necromancer
196651 | Abyss    | Noticed a white ugly thing
196655 | Abyss    | Noticed an iron devil
196662 | Abyss    | Defeated a white ugly thing
196667 | Abyss    | Defeated an iron devil
196674 | Abyss    | Noticed a white ugly thing
196677 | Abyss    | Defeated a white ugly thing
196738 | Abyss    | Noticed a tentacled monstrosity
196755 | Abyss    | Defeated a tentacled monstrosity
197009 | Abyss    | Noticed a Pit Fiend
197018 | Abyss    | Defeated a Pit Fiend
197032 | Abyss    | Noticed a soul eater
197036 | Abyss    | Defeated a soul eater
197211 | D:22     | You pass through the gate.
197562 | Lair:1   | Identified the cursed ring "Gylische" (You found it on level 22 of a ziggurat)
197566 | D:10     | Identified the ring "Fozxuc" (You found it on level 22 of a ziggurat)
197570 | D:10     | Identified the ring "Bugyemy" (You found it on level 27 of a ziggurat)
197597 | Lair:1   | Learned a level 4 spell: Banishment
197954 | Coc:1    | Entered Level 1 of Cocytus
198553 | Coc:7    | Entered Level 7 of Cocytus
198607 | Coc:7    | Noticed Antaeus
198639 | Coc:7    | Defeated Antaeus
198662 | Coc:7    | Got an icy rune of Zot
199456 | Tar:1    | Entered Level 1 of Tartarus
199939 | Tar:6    | You are cast into the Abyss!
199939 | Tar:6    | Cast into the Abyss (the effects of Hell)
200053 | Abyss    | Noticed a red draconian simulacrum
200072 | Abyss    | Defeated a red draconian simulacrum
200175 | Abyss    | Got a faintly glowing katana
200176 | Abyss    | Identified the cursed katana "Haruot" {slay orc, +Blink +Inv} (You found it in the Abyss)
200268 | Abyss    | Noticed a pale draconian
200283 | Abyss    | Defeated a pale draconian
200335 | Abyss    | Noticed a silent spectre
200343 | Abyss    | Defeated a silent spectre
201437 | Abyss    | Noticed a crystal golem
201452 | Abyss    | Defeated a crystal golem
201577 | Abyss    | Noticed a great orb of eyes
201674 | Abyss    | Noticed a red ugly thing
201688 | Abyss    | Defeated a white ugly thing
201716 | Abyss    | Noticed a reaper
201721 | Abyss    | Noticed a brown ugly thing
201732 | Abyss    | Defeated a brown ugly thing
201742 | Abyss    | Defeated a reaper
201769 | Abyss    | Noticed an iron golem
201791 | Abyss    | Defeated an iron golem
201830 | Abyss    | Noticed a wizard
201835 | Abyss    | Defeated a wizard
201891 | Abyss    | Noticed a giant eyeball
201906 | Abyss    | Defeated a giant eyeball
202017 | Abyss    | Noticed an air elemental
202020 | Abyss    | Defeated an air elemental
202048 | Tar:6    | You pass through the gate.
202054 | Tar:7    | Entered Level 7 of Tartarus
202642 | Tar:7    | Noticed Ereshkigal
202658 | Tar:7    | Defeated Ereshkigal
202670 | Tar:7    | Got a bone rune of Zot
202725 | Geh:1    | Entered Level 1 of Gehenna
202752 | Geh:2    | squarelos: nice slime room
202754 | Geh:2    | hellslimes are the best slimes
202785 | Geh:2    | Noticed a Fiend
202788 | Geh:2    | Defeated a Fiend
202958 | Geh:4    | squarelos: can't door vaults also generate in hells? would that just be a room full of 1s
202958 | Geh:4    | hm, i've never seen one
202958 | Geh:4    | definitely sounds like fun
203024 | Geh:5    | Noticed a Fiend
203030 | Geh:5    | Defeated a Fiend
203202 | Geh:6    | Noticed a soul eater
203217 | Geh:6    | Defeated a soul eater
203294 | Geh:6    | am i being stupid or is that detected staircase not on the map?
203294 | Geh:6    | squarelos: they generate but I tried making one and it was really boring monsters :(
203294 | Geh:6    | aww
203308 | Geh:6    | Noticed a Fiend
203313 | Geh:6    | Defeated a Fiend
203380 | Geh:7    | Entered Level 7 of Gehenna
203458 | Geh:7    | Noticed a Fiend
203463 | Geh:7    | Defeated a Fiend
203531 | Geh:7    | Noticed a Fiend
203533 | Geh:7    | Defeated a Fiend
203591 | Geh:7    | Noticed a Fiend
203592 | Geh:7    | Noticed Asmodeus
203602 | Geh:7    | Defeated a Fiend
203620 | Geh:7    | Defeated Asmodeus
203622 | Geh:7    | Got a ruby sceptre
203635 | Geh:7    | Noticed a Fiend
203654 | Geh:7    | Defeated a Fiend
203679 | Geh:7    | Got an obsidian rune of Zot
203787 | Dis:1    | Entered Level 1 of the Iron City of Dis
204424 | Dis:6    | You are cast into the Abyss!
204424 | Dis:6    | Cast into the Abyss (the effects of Hell)
204530 | Dis:6    | You pass through the gate.
204538 | Dis:7    | Entered Level 7 of the Iron City of Dis
204594 | Dis:7    | Noticed the Serpent of Hell
204610 | Dis:7    | Defeated the Serpent of Hell
204691 | Dis:7    | Noticed Dispater
204711 | Dis:7    | Defeated Dispater
204736 | Dis:7    | Got a golden staff
204753 | Dis:7    | Got an iron rune of Zot
205108 | Lair:1   | Identified the Sceptre of Asmodeus (You took it off Asmodeus on level 7 of Gehenna)
205109 | Lair:1   | Identified the Staff of Dispater (You took it off Dispater on level 7 of the Iron City of Dis)
205582 | Lair:1   | Identified the +6,+6 Sword of Cerebov {flame} (You took it off Cerebov in Pandemonium)
206213 | Zot:5    | Entered Level 5 of the Realm of Zot
206673 | Zot:5    | Noticed an ancient lich
206677 | Zot:5    | Defeated an ancient lich
206684 | Zot:5    | Noticed an orb of fire
206688 | Zot:5    | Defeated an orb of fire
206689 | Zot:5    | Noticed an ancient lich
206690 | Zot:5    | Noticed an orb of fire
206695 | Zot:5    | Defeated an ancient lich
206696 | Zot:5    | Defeated an orb of fire
206752 | Zot:5    | Noticed an orb of fire
206758 | Zot:5    | Defeated an orb of fire
206767 | Zot:5    | Noticed an orb of fire
206772 | Zot:5    | Defeated an orb of fire
206791 | Zot:5    | Noticed an ancient lich
206793 | Zot:5    | Noticed an ancient lich
206795 | Zot:5    | Defeated an ancient lich
206797 | Zot:5    | Defeated an ancient lich
206891 | Zot:5    | Got the Orb of Zot
207096 | D:23     | Noticed Sownid the pandemonium lord
207116 | D:23     | Noticed Hyud Edo the pandemonium lord
207498 | D:10     | Noticed a dragon skeleton
207503 | D:10     | Noticed a stone giant skeleton
207506 | D:10     | Defeated a dragon skeleton
207800 | D:$      | Escaped with the Orb!
